Workbook

Sheet INFO
A1: INFORMAÇÕES DO CONVÊNIO
A2: Dados do Contrato
A3: Proponente/Tomador: | B3: Prefeitura Municipal de Espírito Santo do Pinhal
A4: Município/UF: | B4: Espírito Santo do Pinhal
A5: Nº do CT:
A6: Data do CT:
A7: Objeto do CT: | B7: Projeto de Revitalização Paisagística dos Principais Corredores de Acesso da Cidade
A8: Ministério/Órgão Gestor:
A9: Programa/Modalidade/Ação:
A10: Tipo de operação:
A11: Fonte de recursos:
A12: Valor do Repasse (R$): | B12: 395000
A13: % mínimo de Contrapartida:
A15: Dados do Empreendimento
A16: Nome/apelido: | B16: =B7 -> Projeto de Revitalização Paisagística dos Principais Corredores de Acesso da Cidade
A17: Local da obra/intervenção: | B17: ESPÍRITO SANTO DO PINHAL/ SP | D17: execução | E17: previdenciário
A18: Regime de execução de obra: | B18: Empreitada por Preço Global | D18: Empreitada por Preço Global | E18: Desonerado
A19: Regime previdenciário de obra: | B19: Não Desonerado | D19: Empreitada por Preço Unitário | E19: Não Desonerado
A21: Revisão do Orçamento/ Projeto : | B21: REVISÃO 00
A23: Responsável pelo Orçamento
A24: Engª: | B24: Elton Maeda
A25: CREA: | B25: A72570-6
A26: ART: | B26: 08980383
A27: Data (BDI/Orçam/Mem/Compos): | B27: =TODAY() -> 43920
A29: Responsável pelo Projeto Arquitetônico
A30: Arquiteto: | B30: Elton Maeda
A31: CAU: | B31: A72570-6
A32: Projeto Referência:
A34: Responsável pelo Tomador
A35: Nome: | B35: Sérgio Del Bianchi Junior
A36: Cargo: | B36: Prefeito Municipal

Sheet BDI 1
B1: Quadro de Composição do BDI | J1: Grau de Sigilo
J2: #PUBLICO
D4: Nº CONTRATO | F4: PROPONENTE / TOMADOR
D5: =INFO!B5 -> 0 | F5: =INFO!B3 -> Prefeitura Municipal de Espírito Santo do Pinhal
B7: APELIDO DO EMPREENDIMENTO / DESCRIÇÃO DO LOTE
B8: =INFO!B16 -> Projeto de Revitalização Paisagística dos Principais Corredores de Acesso da Cidade
B10: Conforme legislação tributária municipal, definir estimativa de percentual da base de cálculo para o ISS: | J10: 1
B11: Sobre a base de cálculo, definir a respectiva alíquota do ISS (entre 2% e 5%): | J11: 0.05
B14: BDI 1
B16: TIPO DE OBRA
B17: Construção de Praças Urbanas, Rodovias, Ferrovias e recapeamento e pavimentação de vias urbanas
N18: Construção e Reforma de Edifícios | R18: Construção de Praças Urbanas, Rodovias, Ferrovias e recapeamento e pavimentação de vias urbanas | V18: Construção de Redes de Abastecimento de Água, Coleta de Esgoto | Z18: Fornecimento de Materiais e Equipamentos (aquisição indireta - em conjunto com licitação de obras) | AD18: Fornecimento de Materiais e Equipamentos (aquisição direta)
B19: Itens | J19: Siglas | K19: % Adotado | N19: 1º Quartil | O19: Médio | P19: 3º Quartil | R19: 1º Quartil | S19: Médio | T19: 3º Quartil | V19: 1º Quartil | W19: Médio | X19: 3º Quartil | Z19: 1º Quartil | AA19: Médio | AB19: 3º Quartil | AD19: 1º Quartil | AE19: Médio | AF19: 3º Quartil
B21: Administração Central | J21: AC | K21: 0.03 | N21: 0.03 | O21: 0.04 | P21: 0.055 | R21: 0.038 | S21: 0.0401 | T21: 0.0467 | V21: 0.0343 | W21: 0.0493 | X21: 0.0671 | Z21: 0.015 | AA21: 0.0345 | AB21: 0.0449 | AD21: - | AE21: - | AF21: -
B22: Seguro e Garantia | J22: SG | K22: 0.008 | N22: 0.008 | O22: 0.008 | P22: 0.01 | R22: 0.0032 | S22: 0.004 | T22: 0.0074 | V22: 0.0028 | W22: 0.0049 | X22: 0.0075 | Z22: 0.003 | AA22: 0.0048 | AB22: 0.0082 | AD22: - | AE22: - | AF22: -
B23: Risco | J23: R | K23: 0.0097 | N23: 0.0097 | O23: 0.0127 | P23: 0.0127 | R23: 0.005 | S23: 0.0056 | T23: 0.0097 | V23: 0.01 | W23: 0.0139 | X23: 0.0174 | Z23: 0.0056 | AA23: 0.0085 | AB23: 0.0089 | AD23: - | AE23: - | AF23: -
B24: Despesas Financeiras | J24: DF | K24: 0.0059 | N24: 0.0059 | O24: 0.0123 | P24: 0.0139 | R24: 0.0102 | S24: 0.0111 | T24: 0.0121 | V24: 0.0094 | W24: 0.0099 | X24: 0.0117 | Z24: 0.0085 | AA24: 0.0085 | AB24: 0.0111 | AD24: - | AE24: - | AF24: -
B25: Lucro | J25: L | K25: 0.0616 | N25: 0.0616 | O25: 0.074 | P25: 0.0896 | R25: 0.0664 | S25: 0.073 | T25: 0.0869 | V25: 0.0674 | W25: 0.0804 | X25: 0.094 | Z25: 0.035 | AA25: 0.0511 | AB25: 0.0622 | AD25: - | AE25: - | AF25: -
B26: Tributos (impostos COFINS 3%, e PIS 0,65%) | J26: CP | K26: 0.0365 | N26: 0.0365 | O26: 0.0365 | P26: 0.0365 | R26: 0.0365 | S26: 0.0365 | T26: 0.0365 | V26: 0.0365 | W26: 0.0365 | X26: 0.0365 | Z26: 0.0365 | AA26: 0.0365 | AB26: 0.0365 | AD26: 0.0365 | AE26: 0.0365 | AF26: 0.0365
B27: Tributos (ISS, variável de acordo com o município) | J27: ISS | K27: =J10*J11 -> 0.05 | N27: 0 | O27: 0.025 | P27: 0.05 | R27: 0 | S27: 0.025 | T27: 0.05 | V27: 0 | W27: 0.025 | X27: 0.05 | Z27: 0 | AA27: 0.025 | AB27: 0.05 | AD27: 0 | AE27: 0.025 | AF27: 0.05
B28: Tributos (Contribuição Previdenciária sobre a Receita Bruta - 0% ou 4,5% - Desoneração) | J28: CPRB | K28: =IF(INFO!B19="Desonerado",0.045,0) -> 0 | N28: 0 | O28: 0.045 | P28: 0.045 | R28: 0 | S28: 0.045 | T28: 0.045 | V28: 0 | W28: 0.045 | X28: 0.045 | Z28: 0 | AA28: 0.045 | AB28: 0.045 | AD28: 0 | AE28: 0.045 | AF28: 0.045
B29: BDI SEM desoneração (Fórmula Acórdão TCU) | J29: BDI PAD | K29: =ROUND(((((1+$K$21+$K$22+$K$23)*(1+$K$24)*(1+$K$25))/(1-$K$26-$K$27))-1),4) -> 0.2247 | N29: 0.2034 | O29: 0.2212 | P29: 0.25 | R29: 0.196 | S29: 0.2097 | T29: 0.2423 | V29: 0.2076 | W29: 0.2418 | X29: 0.2644 | Z29: 0.111 | AA29: 0.1402 | AB29: 0.168 | AD29: 0 | AE29: 0 | AF29: 0
B30: BDI COM desoneração | J30: BDI DES | K30: =IF(INFO!B19="Não Desonerado",0,ROUND(((((1+$K$21+$K$22+$K$23)*(1+$K$24)*(1+$K$25))/(1-$K$26-$K$27-$K$28))-1),4)) -> 0
B34: Os valores de BDI foram calculados com o emprego da fórmula:
E35: BDI = | F35: (1+AC + S + R + G)*(1 + DF)*(1+L) | I35: - 1
F36: (1-CP-ISS-CRPB)
B38: Declaro para os devidos fins que, conforme legislação tributária municipal, a base de cálculo deste tipo de obra corresponde à 0%, com a respectiva alíquota de 0%.
N39: Tipo da Obra
B40: Declaro para os devidos fins que o regime de Contribuição Previdenciária sobre a Receita Bruta adotado para elaboração do orçamento foi SEM Desoneração, e que esta é a alternativa mais adequada para a Administração Pública. | N40: Construção e Reforma de Edifícios
N41: Construção de Praças Urbanas, Rodovias, Ferrovias e recapeamento e pavimentação de vias urbanas
B42: Observações: | N42: Construção de Redes de Abastecimento de Água, Coleta de Esgoto
N43: Construção e Manutenção de Estações e Redes de Distribuição de Energia Elétrica
N44: Obras Portuárias, Marítimas e Fluviais
B45: =INFO!B4 -> Espírito Santo do Pinhal | H45: =INFO!B27 -> 43920 | N45: Fornecimento de Materiais e Equipamentos (aquisição indireta - em conjunto com licitação de obras)
B46: Local | H46: Data | N46: Fornecimento de Materiais e Equipamentos (aquisição direta)
B49: Responsável Técnico
B50: =INFO!A24 -> Engª: | C50: =INFO!B24 -> Elton Maeda
B51: =INFO!A25 -> CREA: | C51: =INFO!B25 -> A72570-6
B52: ART/RRT: | C52: =INFO!B26 -> 08980383

Sheet ORÇ
B1: I.C.A.N.P. - INSTITUTO DE CAMPINAS DE ADMINISTRAÇÃO, NEGÓCIOS E PROJETOS
B2: DEPARTAMENTO DE ENGENHARIA E ARQUITETURA
B4: =INFO!B3 -> Prefeitura Municipal de Espírito Santo do Pinhal
B5: Planilha Orçamentária
B7: Obra: | C7: =INFO!B16 -> Projeto de Revitalização Paisagística dos Principais Corredores de Acesso da Cidade | N7: 0
B8: Local: | C8: =INFO!B17 -> ESPÍRITO SANTO DO PINHAL/ SP
B9: Base CPOS Nº 177 | F9: Data: | G9: =INFO!B27 -> 43920
B12: ITEM | C12: Base Serviços | D12: Código Serviço | E12: Descrição dos Serviços | F12: Quantitativo | G12: Unid | H12: Descrição da memória de cálculo | I12: VALOR MATERIAL | K12: VALOR MÃO DE OBRA | M12: Preço Unitário R$ | N12: VALOR UNITÁRIO C/ BDI | O12: Valot Total R$ | P12: % | Q12: B.D.I.
I13: MAT UNIT | J13: MAT BDI | K13: M.O. UNIT | L13: M.O. BDI | P13: item
E14: QUADRO RESUMO
B15: =B19 -> 1 | E15: =E19 -> SERVIÇOS PRELIMINARES | O15: =O19*(1+'BDI 1'!$K$29) -> 0 | P15: =O15/$O$17 -> #DIV/0!
B16: =B23 -> 1 | E16: =E23 -> CANTEIROS PARA PAISAGISMO | O16: =O23*(1+'BDI 1'!$K$29) -> 0 | P16: =O16/$O$17 -> #DIV/0!
B17: CUSTO TOTAL COM BDI | O17: =SUM(O14:O16) -> 0 | P17: =SUM(P14:P16) -> #DIV/0!
E18: =INFO!B16 -> Projeto de Revitalização Paisagística dos Principais Corredores de Acesso da Cidade
B19: =IF(ISERROR(VALUE(SUBSTITUTE(OFFSET(B19,-1,0,1,1),".",""))),"1",IF(ISERROR(FIND("`",SUBSTITUTE(OFFSET(B19,-1,0,1,1),".","`",1))),TEXT(VALUE(OFFSET(B19,-1,0,1,1))+1,"d"),TEXT(VALUE(LEFT(OFFSET(B19,-1,0,1,1),FIND("`",SUBSTITUTE(OFFSET(B19,-1,0,1,1),".","`",1))-1))+1,"d"))) -> 1 | E19: SERVIÇOS PRELIMINARES | O19: =TRUNC(SUBTOTAL(9,O20:O21),2) -> 0 | S19: =O19*(1+$M$53) -> 0 | T19: 3660.7263
B20: =IF(ISERROR(VALUE(SUBSTITUTE(OFFSET(B20,-1,0,1,1),".",""))),"0.1",IF(ISERROR(FIND("`",SUBSTITUTE(OFFSET(B20,-1,0,1,1),".","`",1))),OFFSET(B20,-1,0,1,1)&".1",LEFT(OFFSET(B20,-1,0,1,1),FIND("`",SUBSTITUTE(OFFSET(B20,-1,0,1,1),".","`",1)))&IF(ISERROR(FIND("`",SUBSTITUTE(OFFSET(B20,-1,0,1,1),".","`",2))),VALUE(RIGHT(OFFSET(B20,-1,0,1,1),LEN(OFFSET(B20,-1,0,1,1))-FIND("`",SUBSTITUTE(OFFSET(B20,-1,0,1,1),".","`",1))))+1,VALUE(MID(OFFSET(B20,-1,0,1,1),FIND("`",SUBSTITUTE(OFFSET(B20,-1,0,1,1),".","`",1))+1,(FIND("`",SUBSTITUTE(OFFSET(B20,-1,0,1,1),".","`",2))-FIND("`",SUBSTITUTE(OFFSET(B20,-1,0,1,1),".","`",1))-1)))+1))) -> 1.1 | E20: IDENTIFICAÇÃO DA OBRA
B21: =IF(ISERROR(VALUE(SUBSTITUTE(OFFSET(B21,-1,0,1,1),".",""))),"0.0.1",IF(ISERROR(FIND("`",SUBSTITUTE(OFFSET(B21,-1,0,1,1),".","`",2))),OFFSET(B21,-1,0,1,1)&".1",LEFT(OFFSET(B21,-1,0,1,1),FIND("`",SUBSTITUTE(OFFSET(B21,-1,0,1,1),".","`",2)))&IF(ISERROR(FIND("`",SUBSTITUTE(OFFSET(B21,-1,0,1,1),".","`",3))),VALUE(RIGHT(OFFSET(B21,-1,0,1,1),LEN(OFFSET(B21,-1,0,1,1))-FIND("`",SUBSTITUTE(OFFSET(B21,-1,0,1,1),".","`",2))))+1,VALUE(MID(OFFSET(B21,-1,0,1,1),FIND("`",SUBSTITUTE(OFFSET(B21,-1,0,1,1),".","`",2))+1,(FIND("`",SUBSTITUTE(OFFSET(B21,-1,0,1,1),".","`",3))-FIND("`",SUBSTITUTE(OFFSET(B21,-1,0,1,1),".","`",2))-1)))+1))) -> 1.1.1 | C21: CPOS 177 | D21: 02.08.020 | E21: =VLOOKUP($D21,'CPOS 177'!$A$9:$J$4063,3,0) -> Placa de identificação para obra | F21: 6 | G21: =UPPER(VLOOKUP($D21,'CPOS 177'!$A$9:$J$4063,4,0)) -> M² | H21: Placa de obra padrão 3,00x1,50m | Q21: 1
B22: =B21 -> 1.1.1 | M22: SUBTOTAL = | O22: =SUBTOTAL(9,O21) -> 0 | P22: =O22/$O$54 -> #DIV/0!
B23: =IF(ISERROR(VALUE(SUBSTITUTE(OFFSET(B23,-1,0,1,1),".",""))),"1",IF(ISERROR(FIND("`",SUBSTITUTE(OFFSET(B23,-1,0,1,1),".","`",1))),TEXT(VALUE(OFFSET(B23,-1,0,1,1))+1,"d"),TEXT(VALUE(LEFT(OFFSET(B23,-1,0,1,1),FIND("`",SUBSTITUTE(OFFSET(B23,-1,0,1,1),".","`",1))-1))+1,"d"))) -> 1 | E23: CANTEIROS PARA PAISAGISMO | O23: =TRUNC(SUBTOTAL(9,O24:O50),2) -> 0
B24: =IF(ISERROR(VALUE(SUBSTITUTE(OFFSET(B24,-1,0,1,1),".",""))),"0.1",IF(ISERROR(FIND("`",SUBSTITUTE(OFFSET(B24,-1,0,1,1),".","`",1))),OFFSET(B24,-1,0,1,1)&".1",LEFT(OFFSET(B24,-1,0,1,1),FIND("`",SUBSTITUTE(OFFSET(B24,-1,0,1,1),".","`",1)))&IF(ISERROR(FIND("`",SUBSTITUTE(OFFSET(B24,-1,0,1,1),".","`",2))),VALUE(RIGHT(OFFSET(B24,-1,0,1,1),LEN(OFFSET(B24,-1,0,1,1))-FIND("`",SUBSTITUTE(OFFSET(B24,-1,0,1,1),".","`",1))))+1,VALUE(MID(OFFSET(B24,-1,0,1,1),FIND("`",SUBSTITUTE(OFFSET(B24,-1,0,1,1),".","`",1))+1,(FIND("`",SUBSTITUTE(OFFSET(B24,-1,0,1,1),".","`",2))-FIND("`",SUBSTITUTE(OFFSET(B24,-1,0,1,1),".","`",1))-1)))+1))) -> 1.1 | E24: PLANTIO
B25: =IF(ISERROR(VALUE(SUBSTITUTE(OFFSET(B25,-1,0,1,1),".",""))),"0.0.1",IF(ISERROR(FIND("`",SUBSTITUTE(OFFSET(B25,-1,0,1,1),".","`",2))),OFFSET(B25,-1,0,1,1)&".1",LEFT(OFFSET(B25,-1,0,1,1),FIND("`",SUBSTITUTE(OFFSET(B25,-1,0,1,1),".","`",2)))&IF(ISERROR(FIND("`",SUBSTITUTE(OFFSET(B25,-1,0,1,1),".","`",3))),VALUE(RIGHT(OFFSET(B25,-1,0,1,1),LEN(OFFSET(B25,-1,0,1,1))-FIND("`",SUBSTITUTE(OFFSET(B25,-1,0,1,1),".","`",2))))+1,VALUE(MID(OFFSET(B25,-1,0,1,1),FIND("`",SUBSTITUTE(OFFSET(B25,-1,0,1,1),".","`",2))+1,(FIND("`",SUBSTITUTE(OFFSET(B25,-1,0,1,1),".","`",3))-FIND("`",SUBSTITUTE(OFFSET(B25,-1,0,1,1),".","`",2))-1)))+1))) -> 1.1.1 | C25: COTAÇÃO | D25: COT01 | E25: =VLOOKUP($D25,COTAÇÃO!$B$13:$G$137,3,0) -> Barba de Serpente 25 mudas p/m² | F25: 2350 | G25: =VLOOKUP($D25,COTAÇÃO!$B$13:$G$137,4,0) -> Muda | H25: idem área de placa | Q25: 1
B26: =IF(ISERROR(VALUE(SUBSTITUTE(OFFSET(B26,-1,0,1,1),".",""))),"0.0.1",IF(ISERROR(FIND("`",SUBSTITUTE(OFFSET(B26,-1,0,1,1),".","`",2))),OFFSET(B26,-1,0,1,1)&".1",LEFT(OFFSET(B26,-1,0,1,1),FIND("`",SUBSTITUTE(OFFSET(B26,-1,0,1,1),".","`",2)))&IF(ISERROR(FIND("`",SUBSTITUTE(OFFSET(B26,-1,0,1,1),".","`",3))),VALUE(RIGHT(OFFSET(B26,-1,0,1,1),LEN(OFFSET(B26,-1,0,1,1))-FIND("`",SUBSTITUTE(OFFSET(B26,-1,0,1,1),".","`",2))))+1,VALUE(MID(OFFSET(B26,-1,0,1,1),FIND("`",SUBSTITUTE(OFFSET(B26,-1,0,1,1),".","`",2))+1,(FIND("`",SUBSTITUTE(OFFSET(B26,-1,0,1,1),".","`",3))-FIND("`",SUBSTITUTE(OFFSET(B26,-1,0,1,1),".","`",2))-1)))+1))) -> 1.1.2 | C26: COTAÇÃO | D26: COT02 | E26: =VLOOKUP($D26,COTAÇÃO!$B$13:$G$137,3,0) -> Amendoim | F26: 2880 | G26: =VLOOKUP($D26,COTAÇÃO!$B$13:$G$137,4,0) -> Muda | H26: idem área de placa | Q26: 1
B27: =IF(ISERROR(VALUE(SUBSTITUTE(OFFSET(B27,-1,0,1,1),".",""))),"0.0.1",IF(ISERROR(FIND("`",SUBSTITUTE(OFFSET(B27,-1,0,1,1),".","`",2))),OFFSET(B27,-1,0,1,1)&".1",LEFT(OFFSET(B27,-1,0,1,1),FIND("`",SUBSTITUTE(OFFSET(B27,-1,0,1,1),".","`",2)))&IF(ISERROR(FIND("`",SUBSTITUTE(OFFSET(B27,-1,0,1,1),".","`",3))),VALUE(RIGHT(OFFSET(B27,-1,0,1,1),LEN(OFFSET(B27,-1,0,1,1))-FIND("`",SUBSTITUTE(OFFSET(B27,-1,0,1,1),".","`",2))))+1,VALUE(MID(OFFSET(B27,-1,0,1,1),FIND("`",SUBSTITUTE(OFFSET(B27,-1,0,1,1),".","`",2))+1,(FIND("`",SUBSTITUTE(OFFSET(B27,-1,0,1,1),".","`",3))-FIND("`",SUBSTITUTE(OFFSET(B27,-1,0,1,1),".","`",2))-1)))+1))) -> 1.1.3 | C27: COTAÇÃO | D27: COT03 | E27: =VLOOKUP($D27,COTAÇÃO!$B$13:$G$137,3,0) -> Croton | F27: 100 | G27: =VLOOKUP($D27,COTAÇÃO!$B$13:$G$137,4,0) -> Muda | H27: idem área de placa | Q27: 1
B28: =IF(ISERROR(VALUE(SUBSTITUTE(OFFSET(B28,-1,0,1,1),".",""))),"0.0.1",IF(ISERROR(FIND("`",SUBSTITUTE(OFFSET(B28,-1,0,1,1),".","`",2))),OFFSET(B28,-1,0,1,1)&".1",LEFT(OFFSET(B28,-1,0,1,1),FIND("`",SUBSTITUTE(OFFSET(B28,-1,0,1,1),".","`",2)))&IF(ISERROR(FIND("`",SUBSTITUTE(OFFSET(B28,-1,0,1,1),".","`",3))),VALUE(RIGHT(OFFSET(B28,-1,0,1,1),LEN(OFFSET(B28,-1,0,1,1))-FIND("`",SUBSTITUTE(OFFSET(B28,-1,0,1,1),".","`",2))))+1,VALUE(MID(OFFSET(B28,-1,0,1,1),FIND("`",SUBSTITUTE(OFFSET(B28,-1,0,1,1),".","`",2))+1,(FIND("`",SUBSTITUTE(OFFSET(B28,-1,0,1,1),".","`",3))-FIND("`",SUBSTITUTE(OFFSET(B28,-1,0,1,1),".","`",2))-1)))+1))) -> 1.1.4 | C28: COTAÇÃO | D28: COT04 | E28: =VLOOKUP($D28,COTAÇÃO!$B$13:$G$137,3,0) -> Dracena | F28: 50 | G28: =VLOOKUP($D28,COTAÇÃO!$B$13:$G$137,4,0) -> Muda | H28: idem área de placa | Q28: 1
B29: =IF(ISERROR(VALUE(SUBSTITUTE(OFFSET(B29,-1,0,1,1),".",""))),"0.0.1",IF(ISERROR(FIND("`",SUBSTITUTE(OFFSET(B29,-1,0,1,1),".","`",2))),OFFSET(B29,-1,0,1,1)&".1",LEFT(OFFSET(B29,-1,0,1,1),FIND("`",SUBSTITUTE(OFFSET(B29,-1,0,1,1),".","`",2)))&IF(ISERROR(FIND("`",SUBSTITUTE(OFFSET(B29,-1,0,1,1),".","`",3))),VALUE(RIGHT(OFFSET(B29,-1,0,1,1),LEN(OFFSET(B29,-1,0,1,1))-FIND("`",SUBSTITUTE(OFFSET(B29,-1,0,1,1),".","`",2))))+1,VALUE(MID(OFFSET(B29,-1,0,1,1),FIND("`",SUBSTITUTE(OFFSET(B29,-1,0,1,1),".","`",2))+1,(FIND("`",SUBSTITUTE(OFFSET(B29,-1,0,1,1),".","`",3))-FIND("`",SUBSTITUTE(OFFSET(B29,-1,0,1,1),".","`",2))-1)))+1))) -> 1.1.5 | C29: COTAÇÃO | D29: COT05 | E29: =VLOOKUP($D29,COTAÇÃO!$B$13:$G$137,3,0) -> Lírio Amarelo | F29: 14890 | G29: =VLOOKUP($D29,COTAÇÃO!$B$13:$G$137,4,0) -> Muda | H29: idem área de placa | Q29: 1
B30: =IF(ISERROR(VALUE(SUBSTITUTE(OFFSET(B30,-1,0,1,1),".",""))),"0.0.1",IF(ISERROR(FIND("`",SUBSTITUTE(OFFSET(B30,-1,0,1,1),".","`",2))),OFFSET(B30,-1,0,1,1)&".1",LEFT(OFFSET(B30,-1,0,1,1),FIND("`",SUBSTITUTE(OFFSET(B30,-1,0,1,1),".","`",2)))&IF(ISERROR(FIND("`",SUBSTITUTE(OFFSET(B30,-1,0,1,1),".","`",3))),VALUE(RIGHT(OFFSET(B30,-1,0,1,1),LEN(OFFSET(B30,-1,0,1,1))-FIND("`",SUBSTITUTE(OFFSET(B30,-1,0,1,1),".","`",2))))+1,VALUE(MID(OFFSET(B30,-1,0,1,1),FIND("`",SUBSTITUTE(OFFSET(B30,-1,0,1,1),".","`",2))+1,(FIND("`",SUBSTITUTE(OFFSET(B30,-1,0,1,1),".","`",3))-FIND("`",SUBSTITUTE(OFFSET(B30,-1,0,1,1),".","`",2))-1)))+1))) -> 1.1.6 | C30: COTAÇÃO | D30: COT06 | E30: =VLOOKUP($D30,COTAÇÃO!$B$13:$G$137,3,0) -> Ixoria Midi Amarela e Vermelha | F30: 6500 | G30: =VLOOKUP($D30,COTAÇÃO!$B$13:$G$137,4,0) -> Muda | H30: idem área de placa | Q30: 1
B31: =IF(ISERROR(VALUE(SUBSTITUTE(OFFSET(B31,-1,0,1,1),".",""))),"0.0.1",IF(ISERROR(FIND("`",SUBSTITUTE(OFFSET(B31,-1,0,1,1),".","`",2))),OFFSET(B31,-1,0,1,1)&".1",LEFT(OFFSET(B31,-1,0,1,1),FIND("`",SUBSTITUTE(OFFSET(B31,-1,0,1,1),".","`",2)))&IF(ISERROR(FIND("`",SUBSTITUTE(OFFSET(B31,-1,0,1,1),".","`",3))),VALUE(RIGHT(OFFSET(B31,-1,0,1,1),LEN(OFFSET(B31,-1,0,1,1))-FIND("`",SUBSTITUTE(OFFSET(B31,-1,0,1,1),".","`",2))))+1,VALUE(MID(OFFSET(B31,-1,0,1,1),FIND("`",SUBSTITUTE(OFFSET(B31,-1,0,1,1),".","`",2))+1,(FIND("`",SUBSTITUTE(OFFSET(B31,-1,0,1,1),".","`",3))-FIND("`",SUBSTITUTE(OFFSET(B31,-1,0,1,1),".","`",2))-1)))+1))) -> 1.1.7 | C31: COTAÇÃO | D31: COT07 | E31: =VLOOKUP($D31,COTAÇÃO!$B$13:$G$137,3,0) -> Grama esmeralda | F31: 386 | G31: =VLOOKUP($D31,COTAÇÃO!$B$13:$G$137,4,0) -> M² | H31: idem área de placa | Q31: 1
B32: =IF(ISERROR(VALUE(SUBSTITUTE(OFFSET(B32,-1,0,1,1),".",""))),"0.0.1",IF(ISERROR(FIND("`",SUBSTITUTE(OFFSET(B32,-1,0,1,1),".","`",2))),OFFSET(B32,-1,0,1,1)&".1",LEFT(OFFSET(B32,-1,0,1,1),FIND("`",SUBSTITUTE(OFFSET(B32,-1,0,1,1),".","`",2)))&IF(ISERROR(FIND("`",SUBSTITUTE(OFFSET(B32,-1,0,1,1),".","`",3))),VALUE(RIGHT(OFFSET(B32,-1,0,1,1),LEN(OFFSET(B32,-1,0,1,1))-FIND("`",SUBSTITUTE(OFFSET(B32,-1,0,1,1),".","`",2))))+1,VALUE(MID(OFFSET(B32,-1,0,1,1),FIND("`",SUBSTITUTE(OFFSET(B32,-1,0,1,1),".","`",2))+1,(FIND("`",SUBSTITUTE(OFFSET(B32,-1,0,1,1),".","`",3))-FIND("`",SUBSTITUTE(OFFSET(B32,-1,0,1,1),".","`",2))-1)))+1))) -> 1.1.8 | C32: COTAÇÃO | D32: COT08 | E32: =VLOOKUP($D32,COTAÇÃO!$B$13:$G$137,3,0) -> Mini Lantana | F32: 14868 | G32: =VLOOKUP($D32,COTAÇÃO!$B$13:$G$137,4,0) -> Muda | H32: idem área de placa | Q32: 1
B33: =IF(ISERROR(VALUE(SUBSTITUTE(OFFSET(B33,-1,0,1,1),".",""))),"0.0.1",IF(ISERROR(FIND("`",SUBSTITUTE(OFFSET(B33,-1,0,1,1),".","`",2))),OFFSET(B33,-1,0,1,1)&".1",LEFT(OFFSET(B33,-1,0,1,1),FIND("`",SUBSTITUTE(OFFSET(B33,-1,0,1,1),".","`",2)))&IF(ISERROR(FIND("`",SUBSTITUTE(OFFSET(B33,-1,0,1,1),".","`",3))),VALUE(RIGHT(OFFSET(B33,-1,0,1,1),LEN(OFFSET(B33,-1,0,1,1))-FIND("`",SUBSTITUTE(OFFSET(B33,-1,0,1,1),".","`",2))))+1,VALUE(MID(OFFSET(B33,-1,0,1,1),FIND("`",SUBSTITUTE(OFFSET(B33,-1,0,1,1),".","`",2))+1,(FIND("`",SUBSTITUTE(OFFSET(B33,-1,0,1,1),".","`",3))-FIND("`",SUBSTITUTE(OFFSET(B33,-1,0,1,1),".","`",2))-1)))+1))) -> 1.1.9 | C33: COTAÇÃO | D33: COT09 | E33: =VLOOKUP($D33,COTAÇÃO!$B$13:$G$137,3,0) -> Azaleia 0,50 a 0,60 cm | F33: 40 | G33: =VLOOKUP($D33,COTAÇÃO!$B$13:$G$137,4,0) -> Muda | H33: idem área de placa | Q33: 1
B34: =IF(ISERROR(VALUE(SUBSTITUTE(OFFSET(B34,-1,0,1,1),".",""))),"0.0.1",IF(ISERROR(FIND("`",SUBSTITUTE(OFFSET(B34,-1,0,1,1),".","`",2))),OFFSET(B34,-1,0,1,1)&".1",LEFT(OFFSET(B34,-1,0,1,1),FIND("`",SUBSTITUTE(OFFSET(B34,-1,0,1,1),".","`",2)))&IF(ISERROR(FIND("`",SUBSTITUTE(OFFSET(B34,-1,0,1,1),".","`",3))),VALUE(RIGHT(OFFSET(B34,-1,0,1,1),LEN(OFFSET(B34,-1,0,1,1))-FIND("`",SUBSTITUTE(OFFSET(B34,-1,0,1,1),".","`",2))))+1,VALUE(MID(OFFSET(B34,-1,0,1,1),FIND("`",SUBSTITUTE(OFFSET(B34,-1,0,1,1),".","`",2))+1,(FIND("`",SUBSTITUTE(OFFSET(B34,-1,0,1,1),".","`",3))-FIND("`",SUBSTITUTE(OFFSET(B34,-1,0,1,1),".","`",2))-1)))+1))) -> 1.1.10 | C34: COTAÇÃO | D34: COT10 | E34: =VLOOKUP($D34,COTAÇÃO!$B$13:$G$137,3,0) -> Iris Amarelo e Vermelho | F34: 6200 | G34: =VLOOKUP($D34,COTAÇÃO!$B$13:$G$137,4,0) -> Muda | H34: idem área de placa | Q34: 1
B35: =IF(ISERROR(VALUE(SUBSTITUTE(OFFSET(B35,-1,0,1,1),".",""))),"0.0.1",IF(ISERROR(FIND("`",SUBSTITUTE(OFFSET(B35,-1,0,1,1),".","`",2))),OFFSET(B35,-1,0,1,1)&".1",LEFT(OFFSET(B35,-1,0,1,1),FIND("`",SUBSTITUTE(OFFSET(B35,-1,0,1,1),".","`",2)))&IF(ISERROR(FIND("`",SUBSTITUTE(OFFSET(B35,-1,0,1,1),".","`",3))),VALUE(RIGHT(OFFSET(B35,-1,0,1,1),LEN(OFFSET(B35,-1,0,1,1))-FIND("`",SUBSTITUTE(OFFSET(B35,-1,0,1,1),".","`",2))))+1,VALUE(MID(OFFSET(B35,-1,0,1,1),FIND("`",SUBSTITUTE(OFFSET(B35,-1,0,1,1),".","`",2))+1,(FIND("`",SUBSTITUTE(OFFSET(B35,-1,0,1,1),".","`",3))-FIND("`",SUBSTITUTE(OFFSET(B35,-1,0,1,1),".","`",2))-1)))+1))) -> 1.1.11 | C35: COTAÇÃO | D35: COT11 | E35: =VLOOKUP($D35,COTAÇÃO!$B$13:$G$137,3,0) -> Areca Locuba | F35: 12 | G35: =VLOOKUP($D35,COTAÇÃO!$B$13:$G$137,4,0) -> Unidade | H35: idem área de placa | Q35: 1
B36: =B35 -> 1.1.11 | M36: SUBTOTAL = | O36: =SUBTOTAL(9,O25:O35) -> 0 | P36: =O36/$O$54 -> #DIV/0!
B37: =IF(ISERROR(VALUE(SUBSTITUTE(OFFSET(B37,-1,0,1,1),".",""))),"0.1",IF(ISERROR(FIND("`",SUBSTITUTE(OFFSET(B37,-1,0,1,1),".","`",1))),OFFSET(B37,-1,0,1,1)&".1",LEFT(OFFSET(B37,-1,0,1,1),FIND("`",SUBSTITUTE(OFFSET(B37,-1,0,1,1),".","`",1)))&IF(ISERROR(FIND("`",SUBSTITUTE(OFFSET(B37,-1,0,1,1),".","`",2))),VALUE(RIGHT(OFFSET(B37,-1,0,1,1),LEN(OFFSET(B37,-1,0,1,1))-FIND("`",SUBSTITUTE(OFFSET(B37,-1,0,1,1),".","`",1))))+1,VALUE(MID(OFFSET(B37,-1,0,1,1),FIND("`",SUBSTITUTE(OFFSET(B37,-1,0,1,1),".","`",1))+1,(FIND("`",SUBSTITUTE(OFFSET(B37,-1,0,1,1),".","`",2))-FIND("`",SUBSTITUTE(OFFSET(B37,-1,0,1,1),".","`",1))-1)))+1))) -> 1.2 | E37: INSUMOS PARA PLANTIO
B38: =IF(ISERROR(VALUE(SUBSTITUTE(OFFSET(B38,-1,0,1,1),".",""))),"0.0.1",IF(ISERROR(FIND("`",SUBSTITUTE(OFFSET(B38,-1,0,1,1),".","`",2))),OFFSET(B38,-1,0,1,1)&".1",LEFT(OFFSET(B38,-1,0,1,1),FIND("`",SUBSTITUTE(OFFSET(B38,-1,0,1,1),".","`",2)))&IF(ISERROR(FIND("`",SUBSTITUTE(OFFSET(B38,-1,0,1,1),".","`",3))),VALUE(RIGHT(OFFSET(B38,-1,0,1,1),LEN(OFFSET(B38,-1,0,1,1))-FIND("`",SUBSTITUTE(OFFSET(B38,-1,0,1,1),".","`",2))))+1,VALUE(MID(OFFSET(B38,-1,0,1,1),FIND("`",SUBSTITUTE(OFFSET(B38,-1,0,1,1),".","`",2))+1,(FIND("`",SUBSTITUTE(OFFSET(B38,-1,0,1,1),".","`",3))-FIND("`",SUBSTITUTE(OFFSET(B38,-1,0,1,1),".","`",2))-1)))+1))) -> 1.2.1 | C38: COTAÇÃO | D38: COT12 | E38: =VLOOKUP($D38,COTAÇÃO!$B$13:$G$137,3,0) -> Adubo 10-10-10 | F38: 168 | G38: =VLOOKUP($D38,COTAÇÃO!$B$13:$G$137,4,0) -> Kg | H38: idem área de placa | Q38: 1
B39: =IF(ISERROR(VALUE(SUBSTITUTE(OFFSET(B39,-1,0,1,1),".",""))),"0.0.1",IF(ISERROR(FIND("`",SUBSTITUTE(OFFSET(B39,-1,0,1,1),".","`",2))),OFFSET(B39,-1,0,1,1)&".1",LEFT(OFFSET(B39,-1,0,1,1),FIND("`",SUBSTITUTE(OFFSET(B39,-1,0,1,1),".","`",2)))&IF(ISERROR(FIND("`",SUBSTITUTE(OFFSET(B39,-1,0,1,1),".","`",3))),VALUE(RIGHT(OFFSET(B39,-1,0,1,1),LEN(OFFSET(B39,-1,0,1,1))-FIND("`",SUBSTITUTE(OFFSET(B39,-1,0,1,1),".","`",2))))+1,VALUE(MID(OFFSET(B39,-1,0,1,1),FIND("`",SUBSTITUTE(OFFSET(B39,-1,0,1,1),".","`",2))+1,(FIND("`",SUBSTITUTE(OFFSET(B39,-1,0,1,1),".","`",3))-FIND("`",SUBSTITUTE(OFFSET(B39,-1,0,1,1),".","`",2))-1)))+1))) -> 1.2.2 | C39: COTAÇÃO | D39: COT13 | E39: =VLOOKUP($D39,COTAÇÃO!$B$13:$G$137,3,0) -> Calcário Dolomitico | F39: 333.56 | G39: =VLOOKUP($D39,COTAÇÃO!$B$13:$G$137,4,0) -> Kg | H39: idem área de placa | Q39: 1
B40: =IF(ISERROR(VALUE(SUBSTITUTE(OFFSET(B40,-1,0,1,1),".",""))),"0.0.1",IF(ISERROR(FIND("`",SUBSTITUTE(OFFSET(B40,-1,0,1,1),".","`",2))),OFFSET(B40,-1,0,1,1)&".1",LEFT(OFFSET(B40,-1,0,1,1),FIND("`",SUBSTITUTE(OFFSET(B40,-1,0,1,1),".","`",2)))&IF(ISERROR(FIND("`",SUBSTITUTE(OFFSET(B40,-1,0,1,1),".","`",3))),VALUE(RIGHT(OFFSET(B40,-1,0,1,1),LEN(OFFSET(B40,-1,0,1,1))-FIND("`",SUBSTITUTE(OFFSET(B40,-1,0,1,1),".","`",2))))+1,VALUE(MID(OFFSET(B40,-1,0,1,1),FIND("`",SUBSTITUTE(OFFSET(B40,-1,0,1,1),".","`",2))+1,(FIND("`",SUBSTITUTE(OFFSET(B40,-1,0,1,1),".","`",3))-FIND("`",SUBSTITUTE(OFFSET(B40,-1,0,1,1),".","`",2))-1)))+1))) -> 1.2.3 | C40: COTAÇÃO | D40: COT14 | E40: =VLOOKUP($D40,COTAÇÃO!$B$13:$G$137,3,0) -> Substrato Agrícola PH6,5 % V70 CRA 50% CTC15 | F40: 170 | G40: =VLOOKUP($D40,COTAÇÃO!$B$13:$G$137,4,0) -> M² | H40: idem área de placa | Q40: 1
B41: =B40 -> 1.2.3 | M41: SUBTOTAL = | O41: =SUBTOTAL(9,O38:O40) -> 0 | P41: =O41/$O$54 -> #DIV/0!
B42: =IF(ISERROR(VALUE(SUBSTITUTE(OFFSET(B42,-1,0,1,1),".",""))),"0.1",IF(ISERROR(FIND("`",SUBSTITUTE(OFFSET(B42,-1,0,1,1),".","`",1))),OFFSET(B42,-1,0,1,1)&".1",LEFT(OFFSET(B42,-1,0,1,1),FIND("`",SUBSTITUTE(OFFSET(B42,-1,0,1,1),".","`",1)))&IF(ISERROR(FIND("`",SUBSTITUTE(OFFSET(B42,-1,0,1,1),".","`",2))),VALUE(RIGHT(OFFSET(B42,-1,0,1,1),LEN(OFFSET(B42,-1,0,1,1))-FIND("`",SUBSTITUTE(OFFSET(B42,-1,0,1,1),".","`",1))))+1,VALUE(MID(OFFSET(B42,-1,0,1,1),FIND("`",SUBSTITUTE(OFFSET(B42,-1,0,1,1),".","`",1))+1,(FIND("`",SUBSTITUTE(OFFSET(B42,-1,0,1,1),".","`",2))-FIND("`",SUBSTITUTE(OFFSET(B42,-1,0,1,1),".","`",1))-1)))+1))) -> 1.3 | E42: FORNECIMENTO DE MÃO DE OBRA PARA PREPARAÇÃO DO SOLO, CRIAÇÃO E PLANTIO DOS CANTEIROS
B43: =IF(ISERROR(VALUE(SUBSTITUTE(OFFSET(B43,-1,0,1,1),".",""))),"0.0.1",IF(ISERROR(FIND("`",SUBSTITUTE(OFFSET(B43,-1,0,1,1),".","`",2))),OFFSET(B43,-1,0,1,1)&".1",LEFT(OFFSET(B43,-1,0,1,1),FIND("`",SUBSTITUTE(OFFSET(B43,-1,0,1,1),".","`",2)))&IF(ISERROR(FIND("`",SUBSTITUTE(OFFSET(B43,-1,0,1,1),".","`",3))),VALUE(RIGHT(OFFSET(B43,-1,0,1,1),LEN(OFFSET(B43,-1,0,1,1))-FIND("`",SUBSTITUTE(OFFSET(B43,-1,0,1,1),".","`",2))))+1,VALUE(MID(OFFSET(B43,-1,0,1,1),FIND("`",SUBSTITUTE(OFFSET(B43,-1,0,1,1),".","`",2))+1,(FIND("`",SUBSTITUTE(OFFSET(B43,-1,0,1,1),".","`",3))-FIND("`",SUBSTITUTE(OFFSET(B43,-1,0,1,1),".","`",2))-1)))+1))) -> 1.3.1 | C43: COTAÇÃO | D43: COT15 | E43: =VLOOKUP($D43,COTAÇÃO!$B$13:$G$137,3,0) -> Mão de Obra - Praça da Independência - entorno da igreja | F43: 163 | G43: =VLOOKUP($D43,COTAÇÃO!$B$13:$G$137,4,0) -> M² | H43: idem área de placa | Q43: 1
B44: =IF(ISERROR(VALUE(SUBSTITUTE(OFFSET(B44,-1,0,1,1),".",""))),"0.0.1",IF(ISERROR(FIND("`",SUBSTITUTE(OFFSET(B44,-1,0,1,1),".","`",2))),OFFSET(B44,-1,0,1,1)&".1",LEFT(OFFSET(B44,-1,0,1,1),FIND("`",SUBSTITUTE(OFFSET(B44,-1,0,1,1),".","`",2)))&IF(ISERROR(FIND("`",SUBSTITUTE(OFFSET(B44,-1,0,1,1),".","`",3))),VALUE(RIGHT(OFFSET(B44,-1,0,1,1),LEN(OFFSET(B44,-1,0,1,1))-FIND("`",SUBSTITUTE(OFFSET(B44,-1,0,1,1),".","`",2))))+1,VALUE(MID(OFFSET(B44,-1,0,1,1),FIND("`",SUBSTITUTE(OFFSET(B44,-1,0,1,1),".","`",2))+1,(FIND("`",SUBSTITUTE(OFFSET(B44,-1,0,1,1),".","`",3))-FIND("`",SUBSTITUTE(OFFSET(B44,-1,0,1,1),".","`",2))-1)))+1))) -> 1.3.2 | C44: COTAÇÃO | D44: COT16 | E44: =VLOOKUP($D44,COTAÇÃO!$B$13:$G$137,3,0) -> Mão de Obra - Praça da Independência - Praça e coreto | F44: 225 | G44: =VLOOKUP($D44,COTAÇÃO!$B$13:$G$137,4,0) -> M² | H44: idem área de placa | Q44: 1
B45: =IF(ISERROR(VALUE(SUBSTITUTE(OFFSET(B45,-1,0,1,1),".",""))),"0.0.1",IF(ISERROR(FIND("`",SUBSTITUTE(OFFSET(B45,-1,0,1,1),".","`",2))),OFFSET(B45,-1,0,1,1)&".1",LEFT(OFFSET(B45,-1,0,1,1),FIND("`",SUBSTITUTE(OFFSET(B45,-1,0,1,1),".","`",2)))&IF(ISERROR(FIND("`",SUBSTITUTE(OFFSET(B45,-1,0,1,1),".","`",3))),VALUE(RIGHT(OFFSET(B45,-1,0,1,1),LEN(OFFSET(B45,-1,0,1,1))-FIND("`",SUBSTITUTE(OFFSET(B45,-1,0,1,1),".","`",2))))+1,VALUE(MID(OFFSET(B45,-1,0,1,1),FIND("`",SUBSTITUTE(OFFSET(B45,-1,0,1,1),".","`",2))+1,(FIND("`",SUBSTITUTE(OFFSET(B45,-1,0,1,1),".","`",3))-FIND("`",SUBSTITUTE(OFFSET(B45,-1,0,1,1),".","`",2))-1)))+1))) -> 1.3.3 | C45: COTAÇÃO | D45: COT17 | E45: =VLOOKUP($D45,COTAÇÃO!$B$13:$G$137,3,0) -> Mão de Obra - Praça Rio Branco - Palácio do Café | F45: 240 | G45: =VLOOKUP($D45,COTAÇÃO!$B$13:$G$137,4,0) -> M² | H45: idem área de placa | Q45: 1
B46: =IF(ISERROR(VALUE(SUBSTITUTE(OFFSET(B46,-1,0,1,1),".",""))),"0.0.1",IF(ISERROR(FIND("`",SUBSTITUTE(OFFSET(B46,-1,0,1,1),".","`",2))),OFFSET(B46,-1,0,1,1)&".1",LEFT(OFFSET(B46,-1,0,1,1),FIND("`",SUBSTITUTE(OFFSET(B46,-1,0,1,1),".","`",2)))&IF(ISERROR(FIND("`",SUBSTITUTE(OFFSET(B46,-1,0,1,1),".","`",3))),VALUE(RIGHT(OFFSET(B46,-1,0,1,1),LEN(OFFSET(B46,-1,0,1,1))-FIND("`",SUBSTITUTE(OFFSET(B46,-1,0,1,1),".","`",2))))+1,VALUE(MID(OFFSET(B46,-1,0,1,1),FIND("`",SUBSTITUTE(OFFSET(B46,-1,0,1,1),".","`",2))+1,(FIND("`",SUBSTITUTE(OFFSET(B46,-1,0,1,1),".","`",3))-FIND("`",SUBSTITUTE(OFFSET(B46,-1,0,1,1),".","`",2))-1)))+1))) -> 1.3.4 | C46: COTAÇÃO | D46: COT18 | E46: =VLOOKUP($D46,COTAÇÃO!$B$13:$G$137,3,0) -> Mão de Obra - Avenida Washington Luiz - Portal da entrada | F46: 861.8 | G46: =VLOOKUP($D46,COTAÇÃO!$B$13:$G$137,4,0) -> M² | H46: idem área de placa | Q46: 1
B47: =IF(ISERROR(VALUE(SUBSTITUTE(OFFSET(B47,-1,0,1,1),".",""))),"0.0.1",IF(ISERROR(FIND("`",SUBSTITUTE(OFFSET(B47,-1,0,1,1),".","`",2))),OFFSET(B47,-1,0,1,1)&".1",LEFT(OFFSET(B47,-1,0,1,1),FIND("`",SUBSTITUTE(OFFSET(B47,-1,0,1,1),".","`",2)))&IF(ISERROR(FIND("`",SUBSTITUTE(OFFSET(B47,-1,0,1,1),".","`",3))),VALUE(RIGHT(OFFSET(B47,-1,0,1,1),LEN(OFFSET(B47,-1,0,1,1))-FIND("`",SUBSTITUTE(OFFSET(B47,-1,0,1,1),".","`",2))))+1,VALUE(MID(OFFSET(B47,-1,0,1,1),FIND("`",SUBSTITUTE(OFFSET(B47,-1,0,1,1),".","`",2))+1,(FIND("`",SUBSTITUTE(OFFSET(B47,-1,0,1,1),".","`",3))-FIND("`",SUBSTITUTE(OFFSET(B47,-1,0,1,1),".","`",2))-1)))+1))) -> 1.3.5 | C47: COTAÇÃO | D47: COT19 | E47: =VLOOKUP($D47,COTAÇÃO!$B$13:$G$137,3,0) -> Mão de Obra - Avenida Quirino dos Santos | F47: 56 | G47: =VLOOKUP($D47,COTAÇÃO!$B$13:$G$137,4,0) -> M² | H47: idem área de placa | Q47: 1
B48: =IF(ISERROR(VALUE(SUBSTITUTE(OFFSET(B48,-1,0,1,1),".",""))),"0.0.1",IF(ISERROR(FIND("`",SUBSTITUTE(OFFSET(B48,-1,0,1,1),".","`",2))),OFFSET(B48,-1,0,1,1)&".1",LEFT(OFFSET(B48,-1,0,1,1),FIND("`",SUBSTITUTE(OFFSET(B48,-1,0,1,1),".","`",2)))&IF(ISERROR(FIND("`",SUBSTITUTE(OFFSET(B48,-1,0,1,1),".","`",3))),VALUE(RIGHT(OFFSET(B48,-1,0,1,1),LEN(OFFSET(B48,-1,0,1,1))-FIND("`",SUBSTITUTE(OFFSET(B48,-1,0,1,1),".","`",2))))+1,VALUE(MID(OFFSET(B48,-1,0,1,1),FIND("`",SUBSTITUTE(OFFSET(B48,-1,0,1,1),".","`",2))+1,(FIND("`",SUBSTITUTE(OFFSET(B48,-1,0,1,1),".","`",3))-FIND("`",SUBSTITUTE(OFFSET(B48,-1,0,1,1),".","`",2))-1)))+1))) -> 1.3.6 | C48: COTAÇÃO | D48: COT20 | E48: =VLOOKUP($D48,COTAÇÃO!$B$13:$G$137,3,0) -> Mão de Obra - Avenida Oliveira Mota | F48: 123.75 | G48: =VLOOKUP($D48,COTAÇÃO!$B$13:$G$137,4,0) -> M² | H48: idem área de placa | Q48: 1
B49: =IF(ISERROR(VALUE(SUBSTITUTE(OFFSET(B49,-1,0,1,1),".",""))),"0.0.1",IF(ISERROR(FIND("`",SUBSTITUTE(OFFSET(B49,-1,0,1,1),".","`",2))),OFFSET(B49,-1,0,1,1)&".1",LEFT(OFFSET(B49,-1,0,1,1),FIND("`",SUBSTITUTE(OFFSET(B49,-1,0,1,1),".","`",2)))&IF(ISERROR(FIND("`",SUBSTITUTE(OFFSET(B49,-1,0,1,1),".","`",3))),VALUE(RIGHT(OFFSET(B49,-1,0,1,1),LEN(OFFSET(B49,-1,0,1,1))-FIND("`",SUBSTITUTE(OFFSET(B49,-1,0,1,1),".","`",2))))+1,VALUE(MID(OFFSET(B49,-1,0,1,1),FIND("`",SUBSTITUTE(OFFSET(B49,-1,0,1,1),".","`",2))+1,(FIND("`",SUBSTITUTE(OFFSET(B49,-1,0,1,1),".","`",3))-FIND("`",SUBSTITUTE(OFFSET(B49,-1,0,1,1),".","`",2))-1)))+1))) -> 1.3.7 | C49: COTAÇÃO | D49: COT21 | E49: =VLOOKUP($D49,COTAÇÃO!$B$13:$G$137,3,0) -> Mão de Obra - Avenida Maria Joaquina | F49: 62.25 | G49: =VLOOKUP($D49,COTAÇÃO!$B$13:$G$137,4,0) -> M² | H49: idem área de placa | Q49: 1
B50: =B49 -> 1.3.7 | M50: SUBTOTAL = | O50: =SUBTOTAL(9,O43:O49) -> 0 | P50: =O50/$O$54 -> #DIV/0!
B52: Total sem BDI | M52: Total sem BDI | O52: =TRUNC(SUBTOTAL(9,O19:O51),2) -> 0
G53: B.D.I. | M53: ='BDI 1'!K29 -> 0.2247 | O53: =M53*O19 -> 0 | S53: 402756.45
B54: Total Geral dos Serviços | O54: =TRUNC(O52+O53,2) -> 0
N56: BDI no final
N59: =INFO!B24 -> Elton Maeda
N60: =INFO!B25 -> A72570-6
N61: =INFO!B26 -> 08980383

Sheet MEM. DE CALCULO
C3: =INFO!B3 -> Prefeitura Municipal de Espírito Santo do Pinhal
C4: MEMÓRIA DE CÁLCULO
C5: CONVÊNIO N° | D5: OBJETO
D6: =INFO!B7 -> Projeto de Revitalização Paisagística dos Principais Corredores de Acesso da Cidade
C8: 1. SERVIÇOS PRELIMINARES
C9: item | D9: CÓD. SERVIÇO | I9: DESCRIÇÃO DO SERVIÇO
C10: =ORÇ!B21 -> 1.1.1 | D10: CPOS 177 | E10: =ORÇ!D21 -> 02.08.020 | I10: =ORÇ!E21 -> Placa de identificação para obra
C12: =ORÇ!H21 -> Placa de obra padrão 3,00x1,50m | I12: =ORÇ!F21 -> 6 | J12: =ORÇ!G21 -> M²
C14: Data | J14: RESPONSÁVEL PELO ORÇAMENTO
C15: =INFO!B27 -> 43920 | J15: =INFO!B24 -> Elton Maeda
J16: =INFO!B25 -> A72570-6

Sheet CFF
C7: =INFO!B3 -> Prefeitura Municipal de Espírito Santo do Pinhal
C9: CRONOGRAMA FÍSICO FINANCEIRO
C11: Obra: | D11: =INFO!B7 -> Projeto de Revitalização Paisagística dos Principais Corredores de Acesso da Cidade | H11: Data: | I11: =INFO!B27 -> 43920
C12: Local: | D12: =INFO!B17 -> ESPÍRITO SANTO DO PINHAL/ SP
E14: MÊS | F14: MÊS 1 | H14: TOTAL
C16: SERVIÇOS PRELIMINARES | F16: 1 | G16: 30
C17: =ORÇ!E19 -> SERVIÇOS PRELIMINARES
F18: 1 | H18: =ROUND(ORÇ!$O$19*(1+'BDI 1'!K29),2) -> 0
F19: =F18*H18 -> 0 | L19: =F19+#REF!+#REF! -> #REF! | M19: =L19-H18 -> #REF!
C20: =ORÇ!E23 -> CANTEIROS PARA PAISAGISMO
F21: 1 | H21: =TRUNC(ORÇ!$O$23,2) -> 0
F22: =F21*H21 -> 0 | L22: =F22+#REF!+#REF! -> #REF! | M22: =L22-H21 -> #REF!
C23: TOTAL
F24: =F19+F22 -> 0 | H24: =ORÇ!O54 -> 0 | L24: =F24+#REF!+#REF! -> #REF! | M24: =L24-H24 -> #REF!
F36: =F24/$H$24 -> #DIV/0! | G36: =#REF!/$H$24 -> #REF!

Sheet CRONO DESEMBOLSO 1
D2: CRONOGRAMA FÍSICO - DESEMBOLSO E APLICAÇÃO DOS RECURSOS
B5: SECRETARIA DE TURISMO | F5: MUNICÍPIO
B6: Departamento de Apoio ao Desenvolvimento dos Municipios Turisticos | F6: =INFO!B4 -> Espírito Santo do Pinhal
B8: =INFO!B7 -> Projeto de Revitalização Paisagística dos Principais Corredores de Acesso da Cidade | F8: PRAZO PROPOSTO | G8: 540 dias | I8: DATA BASE:
F9: INÍCIO: 180 dias da data da assinatura do convênio | I9: CPOS 177
F10: FINAL: 540 dias a partir da data da assinatura do convênio
B12: ITEM | C12: SERVIÇOS | D12: UNIDADE | E12: 1a. ETAPA | G12: 4a. ETAPA | H12: 5a. ETAPA
E13: PERÍODO: 240 dias | G13: PERÍODO: _____dias | H13: PERÍODO: _____dias | I13: TOTAL
E14: PRAZO DE LIBERAÇÃO: 180 dias para inicio das obras + prazo de execução + 30 dias após a execução dos serviços, apresentação da medição e aprovação da medição | G14: PRAZO DE LIBERAÇÃO: prazo de execução + 30 dias após a aprovação da prestação de contas da fase anterior, execução dos serviços, apresentação da medição e aprovação da medição | H14: PRAZO DE LIBERAÇÃO: prazo de execução + 30 dias após a aprovação da prestação de contas da fase anterior, execução dos serviços, apresentação da medição e aprovação da medição
B15: 1 | C15: =ORÇ!E19 -> SERVIÇOS PRELIMINARES | D15: % | E15: 1 | I15: =SUM(E15:H15) -> 1
D16: R$ | E16: =$I$16*E15 -> 0 | I16: =ORÇ!O19*(1+ORÇ!M53) -> 0
B17: 2 | C17: =ORÇ!E23 -> CANTEIROS PARA PAISAGISMO | D17: % | E17: 1 | I17: =SUM(E17:H17) -> 1
D18: R$ | E18: =$I$18*E17 -> 0 | I18: =ORÇ!O23 -> 0
B20: RECURSOS ESTADUAIS | E20: =$I$20*E15 -> 395000 | I20: =INFO!B12 -> 395000
B21: RECURSOS PRÓPRIOS | E21: =E24-E20 -> -395000 | I21: =E21 -> -395000
B22: RENDIMENTOS | E22: 0 | I22: =E22 -> 0
B23: SALDO | E23: 0 | I23: =E23 -> 0
B24: T O T A L | E24: =E16+E18 -> 0 | I24: =SUM(I20:I23) -> 0

Sheet CRONO DESEMBOLSO 2
C1: CRONOGRAMA FÍSICO - DESEMBOLSO E APLICAÇÃO DOS RECURSOS
B6: MUNICÍPIO: | C6: =INFO!B4 -> Espírito Santo do Pinhal | H6: BOLETIM Nº. | K6: DATA BASE:
B7: OBJETO: | C7: =INFO!B16 -> Projeto de Revitalização Paisagística dos Principais Corredores de Acesso da Cidade | H7: CPOS 177 - SEM DESONERAÇÃO | K7: =CFF!I11 -> 43920
B8: PROCESSO: | H8: PRAZO PROPOSTO | I8: INÍCIO: 180 dias da data da assinatura do convênio
B9: CONVÊNIO: | I9: FINAL: 450 dias a partir da data de assinatura do convênio
A11: ITEM | B11: SERVIÇOS | D11: UNIDADE | E11: 1a. ETAPA | G11: 2a. ETAPA | I11: 3a. ETAPA | K11: TOTAL
E13: PERIODO 450 dias | G13: PERIODO ___ dias | I13: PERIODO ___ dias
E15: PERÍODO = 180 dias para licitação + 60 dias para a execução + 30 dias para vistoria + 180 dias para análise final, aprovos e encerramento | G15: PERÍODO = x dias para execução + 30 dias para vistoria e análise contábil da prestação de contas referente à 1ª etapa | I15: PERÍODO = x dias para execução + 30 dias para vistoria e análise contábil da prestação de contas referente à 2ª etapa + 180 dias para análise final, aprovos e encerramento
A16: =ORÇ!B19 -> 1 | B16: =ORÇ!E19 -> SERVIÇOS PRELIMINARES | D16: % | E16: 0.2 | G16: 0.4 | I16: 0.4 | K16: =E16+G16+I16 -> 1
D17: R$ | E17: =E16*$K$17 -> 0 | G17: =G16*$K$17 -> 0 | I17: =I16*$K$17 -> 0 | K17: =ORÇ!O19*1.2247 -> 0
A18: =ORÇ!B23 -> 1 | B18: =ORÇ!E23 -> CANTEIROS PARA PAISAGISMO | D18: % | E18: 0.2 | G18: 0.4 | I18: 0.4 | K18: =E18+G18+I18 -> 1
D19: R$ | E19: =E18*$K$19 -> 0 | G19: =G18*$K$19 -> 0 | I19: =I18*$K$19 -> 0 | K19: =ORÇ!O23*1.2247 -> 0
B23: RECURSOS ESTADUAIS | E23: =E17+E19 -> 0 | G23: =G17+G19 -> 0 | I23: =I17+I19 -> 0 | K23: 395088.9
B24: RECURSOS PRÓPRIOS | E24: 0 | G24: 0 | I24: 0 | K24: =SUM(E24:J24) -> 0
B25: T O T A L | E25: =E17+E19 -> 0 | G25: =G17+G19 -> 0 | I25: =I17+I19 -> 0 | K25: 395088.9
B26: PORCENTAGEM DE SERVIÇOS | E26: =E25/K25 -> 0 | G26: 0 | I26: 0 | K26: =E26+G26+I26 -> 0
C28: OBSERVAÇÃO - CONFORME: 1. Decreto n.º 62.032 de 17/06/2016 _ "a liberação dos recursos será feita somente após a conclusão do objeto por parte do beneficiário, ou parceladamente, após a medição de cada etapa concluída". 2. Decreto 63.369 de 24/04/2018 _ “em convênios com valor igual ou superior a R$ 200.000,00 (duzentos mil reais), poderá incluir o repasse financeiro de 20% (vinte por cento) do total do valor após a expedição da ordem de serviço para o início da obra contratada". ATENÇÃO: O REPASSE DOS 20% SERÁ EM CIMA DO VALOR DE RESPONSABILIDADE DO ESTADO E, PORTANTO, EM RELAÇÃO A ESTE CONVÊNIO O MUNICIPIO PODERÁ RECEBER O VALOR DE R$_________________A TITULO DE ANTECIPAÇÃO DOS 20% , SENDO QUE ESTE VALOR JÁ ESTÁ INTEGRADO/CONTEMPLADO NO VALOR DA 1ª ETAPA.

Sheet CRONO DESEMBOLSO TUR
B3: Prefeitura de Sete Barras | D3: CRONOGRAMA FÍSICO - DESEMBOLSO E APLICAÇÃO DOS RECURSOS
B6: SECRETARIA DE TURISMO | G6: MUNICÍPIO
B7: Departamento de Apoio ao Desenvolvimento dos Municipios Turísticos | G7: =INFO!B4 -> Espírito Santo do Pinhal
B9: OBRA: | C9: Reforma da Praça da Matriz e Implantação de Sinalização Turística | G9: PRAZO PROPOSTO | J9: DATA BASE:
G10: INÍCIO: 180 dias da data da assinatura do convênio | J10: 43282
G11: FINAL: 480 dias a partir da data da assinatura do convênio
B13: ITEM | C13: SERVIÇOS | D13: UNIDADE | E13: 1a. ETAPA | F13: 2a. ETAPA | G13: 3a. ETAPA | H13: 4a. ETAPA | I13: 5a. ETAPA
E14: PERÍODO: 240 dias | F14: PERÍODO: 240 dias | G14: PERÍODO: - dias | H14: PERÍODO: - dias | I14: PERÍODO: - dias | J14: TOTAL | N14: =240+240+60 -> 540
E15: PRAZO DE LIBERAÇÃO: 180 dias para inicio das obras +30 dias prazo de execução + 30 dias após a execução dos serviços, apresentação da medição e aprovação da medição | F15: PRAZO DE LIBERAÇÃO: 30 dias prazo de execução + 30 dias após a aprovação da prestação de contas da fase anterior, execução dos serviços, 180 dias apresentação da medição e aprovação da medição | G15: PRAZO DE LIBERAÇÃO: prazo de execução + 30 dias após a aprovação da prestação de contas da fase anterior, execução dos serviços, apresentação da medição e aprovação da medição | H15: PRAZO DE LIBERAÇÃO: prazo de execução + 30 dias após a aprovação da prestação de contas da fase anterior, execução dos serviços, apresentação da medição e aprovação da medição | I15: PRAZO DE LIBERAÇÃO: prazo de execução + 30 dias após a aprovação da prestação de contas da fase anterior, execução dos serviços, apresentação da medição e aprovação da medição
B16: 1 | C16: =INFO!B16 -> Projeto de Revitalização Paisagística dos Principais Corredores de Acesso da Cidade | D16: % | E16: 1 | J16: =SUM(E16:G16) -> 1
D17: R$ | E17: =ORÇ!O54 -> 0 | J17: =SUM(E17:G17) -> 0 | K17: =J17/J21 -> 0
B18: 2 | C18: Reforma da Praça da Matriz | D18: % | E18: 0.5 | F18: 0.5 | J18: =SUM(E18:G18) -> 1
D19: R$ | E19: =478609.08*0.5 -> 239304.54 | F19: =478609.08*0.5 -> 239304.54 | J19: =SUM(E19:G19) -> 478609.08 | K19: =J19/J23 -> 1 | L19: =J19+J17 -> 478609.08
B21: RECURSOS ESTADUAIS | E21: =E17+E19 -> 239304.54 | F21: =J21-E21 -> 155695.46 | J21: =INFO!B12 -> 395000 | K21: =SUM(K17:K19) -> 1 | L21: =E21+F21 -> 395000
B22: RECURSOS PRÓPRIOS DO MUNICIPIO | E22: 0 | F22: =F19-F21 -> 83609.08 | J22: =SUM(E22:F22) -> 83609.08 | O22: =180+90+90+180 -> 540
B23: T O T A L | E23: =SUM(E21:E22) -> 239304.54 | F23: =SUM(F21:F22) -> 239304.54 | J23: =SUM(E23:G23) -> 478609.08 | K23: =J21+J22 -> 478609.08
F25: OBS. Para configuração do prazo foi considerado: 180 dias para licitação e inicio das obras +
F26: 60 dias de execução + 60 dias para vistoria e análise da medição +
B27: =INFO!A24 -> Engª: | C27: =INFO!B24 -> Elton Maeda | F27: 180 dias para análise das prestações de contas, adequações e encerramento = 480 dias
B28: =INFO!A25 -> CREA: | C28: =INFO!B25 -> A72570-6
B29: =INFO!A26 -> ART: | C29: =INFO!B26 -> 08980383

Sheet CRONO DESEMBOLSO
A1: GOVERNO DO ESTADO DE SÃO PAULO | C1: CRONOGRAMA FÍSICO - DESEMBOLSO E APLICAÇÃO DOS RECURSOS
A3: Casa Civil | F3: MUNICÍPIO
A4: Unidade de Relacionamento com Municípios | F4: =INFO!B4 -> Espírito Santo do Pinhal
A6: OBRA: | F6: PRAZO PROPOSTO | J6: DATA BASE:
B7: =INFO!B16 -> Projeto de Revitalização Paisagística dos Principais Corredores de Acesso da Cidade | F7: INÍCIO: 30 dias da data da assinatura do convênio | J7: =INFO!B27 -> 43920
F8: FINAL: 720 dias a partir da data da assinatura do convênio
A10: ITEM | B10: SERVIÇOS | C10: UNIDADE | D10: 1a. ETAPA | F10: 2a. ETAPA | H10: 3a. ETAPA
D11: PERÍODO: 720 dias | F11: PERÍODO: 0 dias | H11: PERÍODO: 0 dias | J11: TOTAL
D12: PRAZO DE LIBERAÇÃO: em até 30 dias após a conclusão da etapa. | E12: PRAZO DE EXECUÇÃO: 690 dias | F12: PRAZO DE LIBERAÇÃO: em até 30 dias após a conclusão da etapa. | G12: PRAZO DE EXECUÇÃO: 0 dias | H12: PRAZO DE LIBERAÇÃO: em até 30 dias após a conclusão da etapa. | I12: PRAZO DE EXECUÇÃO: 0 dias
A13: =ORÇ!B15 -> 1 | B13: =ORÇ!E15 -> SERVIÇOS PRELIMINARES | C13: vb | D13: 1 | J13: =SUM(D13) -> 1
C14: R$ | D14: =ORÇ!O15 -> 0 | J14: =SUM(D14) -> 0
A15: =ORÇ!B16 -> 1 | B15: =ORÇ!E16 -> CANTEIROS PARA PAISAGISMO | C15: m2 | D15: =orç!#REF! -> #VALUE! | J15: =D15+F15 -> #VALUE!
C16: R$ | D16: =ORÇ!O16 -> 0 | J16: =D16+F16 -> 0
A17: =orç!#REF! -> #VALUE! | B17: =orç!#REF! -> #VALUE! | C17: m2 | D17: =orç!#REF! -> #VALUE! | J17: =D17+F17 -> #VALUE!
C18: R$ | D18: =orç!#REF! -> #VALUE! | J18: =D18+F18 -> #VALUE!
J19: =D19+F19 -> 0
J20: =D20+F20 -> 0
J21: =D21+F21 -> 0
J22: =D22+F22 -> 0
A24: RECURSOS ESTADUAIS | D24: =INFO!B12 -> 395000 | F24: =INFO!D12 -> 0 | H24: =INFO!F12 -> 0 | J24: =SUM(D24:I24) -> 395000
A25: RECURSOS PRÓPRIOS | D25: =D26-D24 -> #VALUE! | F25: =F26-F24 -> 0 | H25: =H26-H24 -> 0 | J25: =SUM(D25:I25) -> #VALUE!
A26: T O T A L | D26: =D14+D16+D18+D20+D22 -> #VALUE! | F26: =F14+F16+F18+F20+F22 -> 0 | H26: =H14+H16+H18+H20+H22 -> 0 | J26: =J24+J25 -> #VALUE!
A29: ASSINATURA: _______________________
A30: Arqº: | B30: =INFO!B24 -> Elton Maeda
A31: CAU: | B31: =INFO!B25 -> A72570-6
A32: R.R.T.: | B32: =INFO!B26 -> 08980383
A33: Observação
B34: 1ª etapa = Prazo de liberação + Prazo de execução
B35: 2ª etapa = Prazo de liberação + Prazo de execução
B36: 3ª etapa = Prazo de liberação + Prazo de execução
B38: Final = 1ª etapa + 2ª etapa + 3ª etapa

Sheet CRONO FIS FINANC
A2: CRONOGRAMA FÍSICO - FINANCEIRO
A4: Nº do Contrato | C4: Proponente/Tomador | F4: Município/UF | J4: Empreendimento ( objeto)
A5: =INFO!B5 -> 0 | C5: =INFO!B3 -> Prefeitura Municipal de Espírito Santo do Pinhal | F5: =INFO!B4 -> Espírito Santo do Pinhal | J5: =INFO!B16 -> Projeto de Revitalização Paisagística dos Principais Corredores de Acesso da Cidade
A7: Gestor/Programa/Modalidade/Ação
A8: =INFO!B8 -> 0 | B8: =INFO!B9 -> 0
A10: ITEM | B10: DESCRIÇÃO | D10: VALOR | E10: PESO | F10: MÊS | G10: 1 | H10: MÊS | I10: =G10+1 -> 2 | J10: MÊS | K10: =I10+1 -> 3 | L10: MÊS | M10: =K10+1 -> 4 | N10: MÊS | O10: =M10+1 -> 5 | P10: MÊS | Q10: =O10+1 -> 6
D11: R$ | E11: % | F11: SIMPLES | G11: ACUM | H11: SIMPLES | I11: ACUM | J11: SIMPLES | K11: ACUM | L11: SIMPLES | M11: ACUM | N11: SIMPLES | O11: ACUM | P11: SIMPLES | Q11: ACUM
A12: =ORÇ!B15 -> 1 | B12: =ORÇ!E15 -> SERVIÇOS PRELIMINARES | D12: =ORÇ!O15 -> 0 | E12: =ORÇ!P15 -> #DIV/0! | F12: 100 | G12: =F12 -> 100 | I12: =H12+G12 -> 100 | K12: =J12+I12 -> 100 | M12: =L12+K12 -> 100 | O12: =N12+M12 -> 100 | Q12: =P12+O12 -> 100
A13: =ORÇ!B16 -> 1 | B13: =ORÇ!E16 -> CANTEIROS PARA PAISAGISMO | D13: =ORÇ!O16 -> 0 | E13: =ORÇ!P16 -> #DIV/0! | F13: 40 | G13: =F13 -> 40 | H13: 50 | I13: =H13+G13 -> 90 | J13: 10 | K13: =J13+I13 -> 100 | M13: =L13+K13 -> 100 | O13: =N13+M13 -> 100 | Q13: =P13+O13 -> 100
A14: =orç!#REF! -> #VALUE! | B14: =orç!#REF! -> #VALUE! | D14: =orç!#REF! -> #VALUE! | E14: =orç!#REF! -> #VALUE! | G14: =F14 -> 0 | I14: =H14+G14 -> 0 | J14: 100 | K14: =J14+I14 -> 100 | M14: =L14+K14 -> 100 | O14: =N14+M14 -> 100 | Q14: =P14+O14 -> 100
A15: =orç!#REF! -> #VALUE! | B15: =orç!#REF! -> #VALUE! | D15: =orç!#REF! -> #VALUE! | E15: =orç!#REF! -> #VALUE! | G15: =F15 -> 0 | I15: =H15+G15 -> 0 | K15: =J15+I15 -> 0 | M15: =L15+K15 -> 0 | O15: =N15+M15 -> 0 | Q15: =P15+O15 -> 0
A16: =orç!#REF! -> #VALUE! | B16: =orç!#REF! -> #VALUE! | D16: =orç!#REF! -> #VALUE! | E16: =orç!#REF! -> #VALUE! | G16: =F16 -> 0 | I16: =H16+G16 -> 0 | K16: =J16+I16 -> 0 | M16: =L16+K16 -> 0 | O16: =N16+M16 -> 0 | Q16: =P16+O16 -> 0
A17: =orç!#REF! -> #VALUE! | B17: =orç!#REF! -> #VALUE! | D17: =orç!#REF! -> #VALUE! | E17: =orç!#REF! -> #VALUE! | G17: =F17 -> 0 | I17: =H17+G17 -> 0 | K17: =J17+I17 -> 0 | M17: =L17+K17 -> 0 | O17: =N17+M17 -> 0 | Q17: =P17+O17 -> 0
A18: =orç!#REF! -> #VALUE! | B18: =orç!#REF! -> #VALUE! | D18: =orç!#REF! -> #VALUE! | E18: =orç!#REF! -> #VALUE! | G18: =F18 -> 0 | I18: =H18+G18 -> 0 | K18: =J18+I18 -> 0 | M18: =L18+K18 -> 0 | O18: =N18+M18 -> 0 | Q18: =P18+O18 -> 0
A19: =orç!#REF! -> #VALUE! | B19: =orç!#REF! -> #VALUE! | D19: =orç!#REF! -> #VALUE! | E19: =orç!#REF! -> #VALUE! | G19: =F19 -> 0 | I19: =H19+G19 -> 0 | K19: =J19+I19 -> 0 | M19: =L19+K19 -> 0 | O19: =N19+M19 -> 0 | Q19: =P19+O19 -> 0
A20: =orç!#REF! -> #VALUE! | B20: =orç!#REF! -> #VALUE! | D20: =orç!#REF! -> #VALUE! | E20: =orç!#REF! -> #VALUE! | G20: =F20 -> 0 | I20: =H20+G20 -> 0 | K20: =J20+I20 -> 0 | M20: =L20+K20 -> 0 | O20: =N20+M20 -> 0 | Q20: =P20+O20 -> 0
A21: =orç!#REF! -> #VALUE! | B21: =orç!#REF! -> #VALUE! | D21: =orç!#REF! -> #VALUE! | E21: =orç!#REF! -> #VALUE! | G21: =F21 -> 0 | I21: =H21+G21 -> 0 | K21: =J21+I21 -> 0 | M21: =L21+K21 -> 0 | O21: =N21+M21 -> 0 | Q21: =P21+O21 -> 0
A22: =orç!#REF! -> #VALUE! | B22: =orç!#REF! -> #VALUE! | D22: =orç!#REF! -> #VALUE! | E22: =orç!#REF! -> #VALUE! | G22: =F22 -> 0 | I22: =H22+G22 -> 0 | K22: =J22+I22 -> 0 | M22: =L22+K22 -> 0 | O22: =N22+M22 -> 0 | Q22: =P22+O22 -> 0
A23: =orç!#REF! -> #VALUE! | B23: =orç!#REF! -> #VALUE! | D23: =orç!#REF! -> #VALUE! | E23: =orç!#REF! -> #VALUE! | G23: =F23 -> 0 | I23: =H23+G23 -> 0 | K23: =J23+I23 -> 0 | M23: =L23+K23 -> 0 | O23: =N23+M23 -> 0 | Q23: =P23+O23 -> 0
A24: =orç!#REF! -> #VALUE! | B24: =orç!#REF! -> #VALUE! | D24: =orç!#REF! -> #VALUE! | E24: =orç!#REF! -> #VALUE! | G24: =F24 -> 0 | I24: =H24+G24 -> 0 | K24: =J24+I24 -> 0 | M24: =L24+K24 -> 0 | O24: =N24+M24 -> 0 | Q24: =P24+O24 -> 0
A25: =orç!#REF! -> #VALUE! | B25: =orç!#REF! -> #VALUE! | D25: =orç!#REF! -> #VALUE! | E25: =orç!#REF! -> #VALUE! | G25: =F25 -> 0 | I25: =H25+G25 -> 0 | K25: =J25+I25 -> 0 | M25: =L25+K25 -> 0 | O25: =N25+M25 -> 0 | Q25: =P25+O25 -> 0
A26: =orç!#REF! -> #VALUE! | B26: =orç!#REF! -> #VALUE! | D26: =orç!#REF! -> #VALUE! | E26: =orç!#REF! -> #VALUE! | G26: =F26 -> 0 | I26: =H26+G26 -> 0 | K26: =J26+I26 -> 0 | M26: =L26+K26 -> 0 | O26: =N26+M26 -> 0 | Q26: =P26+O26 -> 0
... A32: =orç!#REF! -> #VALUE! | B32: =orç!#REF! -> #VALUE! | D32: =orç!#REF! -> #VALUE! | E32: =orç!#REF! -> #VALUE! | G32: =F32 -> 0 | I32: =H32+G32 -> 0 | K32: =J32+I32 -> 0 | M32: =L32+K32 -> 0 | O32: =N32+M32 -> 0 | Q32: =P32+O32 -> 0
A33: =orç!#REF! -> #VALUE! | B33: =orç!#REF! -> #VALUE! | D33: =orç!#REF! -> #VALUE! | E33: =orç!#REF! -> #VALUE! | G33: =F33 -> 0 | I33: =H33+G33 -> 0 | K33: =J33+I33 -> 0 | M33: =L33+K33 -> 0 | O33: =N33+M33 -> 0
G34: =F34 -> 0 | I34: =H34+G34 -> 0 | K34: =J34+I34 -> 0 | M34: =L34+K34 -> 0 | O34: =N34+M34 -> 0
B35: Total (R$): | D35: =SUM(D12:D34) -> #VALUE! | F35: =SUMPRODUCT(F12:F34,$D$12:$D$34)/100 -> #VALUE! | G35: =F35 -> #VALUE! | H35: =SUMPRODUCT(H12:H34,$D$12:$D$34)/100 -> #VALUE! | I35: =H35+G35 -> #VALUE! | J35: =SUMPRODUCT(J12:J34,$D$12:$D$34)/100 -> #VALUE! | K35: =J35+I35 -> #VALUE! | L35: =SUMPRODUCT(L12:L34,$D$12:$D$34)/100 -> #VALUE! | M35: =L35+K35 -> #VALUE! | N35: =SUMPRODUCT(N12:N34,$D$12:$D$34)/100 -> #VALUE! | O35: =N35+M35 -> #VALUE! | P35: =SUMPRODUCT(P12:P34,$D$12:$D$34)/100 -> #VALUE! | Q35: =P35+O35 -> #VALUE!
B36: Total (%): | E36: =SUM(E12:E34) -> #DIV/0! | F36: =F35/$D$35 -> #VALUE! | G36: =F36 -> #VALUE! | H36: =H35/$D$35 -> #VALUE! | I36: =H36+G36 -> #VALUE! | J36: =J35/$D$35 -> #VALUE! | K36: =J36+I36 -> #VALUE! | L36: =L35/$D$35 -> #VALUE! | M36: =L36+K36 -> #VALUE! | N36: =N35/$D$35 -> #VALUE! | O36: =N36+M36 -> #VALUE! | P36: =P35/$D$35 -> #VALUE! | Q36: =P36+O36 -> #VALUE!
A40: =INFO!B4 -> Espírito Santo do Pinhal | B40: =INFO!B27 -> 43920
A41: Local/Data
B44: =INFO!A23 -> Responsável pelo Orçamento | J44: =INFO!A34 -> Responsável pelo Tomador
B45: =INFO!A24 -> Engª: | C45: =INFO!B24 -> Elton Maeda | J45: =INFO!B35 -> Sérgio Del Bianchi Junior
B46: =INFO!A25 -> CREA: | C46: =INFO!B25 -> A72570-6 | J46: =INFO!B36 -> Prefeito Municipal
B47: =INFO!A26 -> ART: | C47: =INFO!B26 -> 08980383

Sheet COTAÇÃO
C2: I.C.A.N.P. - INSTITUTO DE CAMPINAS DE ADMINISTRAÇÃO, NEGÓCIOS E PROJETOS
C3: DEPARTAMENTO DE ENGENHARIA E ARQUITETURA
C5: =INFO!B3 -> Prefeitura Municipal de Espírito Santo do Pinhal
C6: COTAÇÕES DE PREÇOS E SERVIÇOS
B8: OBRA: | C8: =INFO!B16 -> Projeto de Revitalização Paisagística dos Principais Corredores de Acesso da Cidade
B9: LOCAL: | C9: =INFO!B17 -> ESPÍRITO SANTO DO PINHAL/ SP
B10: MUNICÍPIO: | C10: =INFO!B4 -> Espírito Santo do Pinhal
D12: DESCRIÇÃO DO SERVIÇO OU FORNECIMENTO | E12: UNIDADE | F12: DATA BASE | G12: VALOR UNITÁRIO
B13: COT01 | D13: Barba de Serpente 25 mudas p/m² | E13: Muda | G13: =MEDIAN(G15:G17) -> 1.9
C14: CNPJ | D14: NOME DA EMPRESA FORNECEDORA | E14: TELEFONE | F14: CONTATO | G14: PREÇO COTADO
D15: ALFA PAISAGISMO | G15: 1.7
D16: EXÓTICA FLORICULTURA E PRESENTES | G16: 2.6
D17: FLORICULTURA ESPAÇO JARDIM - PAISAGISMO, PROJETOS E PISCINA | G17: 1.9
B18: Observações:
B19: COT02 | D19: Amendoim | E19: Muda | G19: =MEDIAN(G21:G23) -> 0.45
C20: CNPJ | D20: NOME DA EMPRESA FORNECEDORA | E20: TELEFONE | F20: CONTATO | G20: PREÇO COTADO
D21: ALFA PAISAGISMO | G21: 0.39
D22: EXÓTICA FLORICULTURA E PRESENTES | G22: 0.7
D23: FLORICULTURA ESPAÇO JARDIM - PAISAGISMO, PROJETOS E PISCINA | G23: 0.45
B24: Observações:
B25: COT03 | D25: Croton | E25: Muda | G25: =MEDIAN(G27:G29) -> 49
C26: CNPJ | D26: NOME DA EMPRESA FORNECEDORA | E26: TELEFONE | F26: CONTATO | G26: PREÇO COTADO
D27: ALFA PAISAGISMO | G27: 45.9
D28: EXÓTICA FLORICULTURA E PRESENTES | G28: 80
D29: FLORICULTURA ESPAÇO JARDIM - PAISAGISMO, PROJETOS E PISCINA | G29: 49
B30: Observações:
B31: COT04 | D31: Dracena | E31: Muda | G31: =MEDIAN(G33:G35) -> 19.7
C32: CNPJ | D32: NOME DA EMPRESA FORNECEDORA | E32: TELEFONE | F32: CONTATO | G32: PREÇO COTADO
D33: ALFA PAISAGISMO | G33: 18.4
D34: EXÓTICA FLORICULTURA E PRESENTES | G34: 60
D35: FLORICULTURA ESPAÇO JARDIM - PAISAGISMO, PROJETOS E PISCINA | G35: 19.7
B36: Observações:
B37: COT05 | D37: Lírio Amarelo | E37: Muda | G37: =MEDIAN(G39:G41) -> 1.7
C38: CNPJ | D38: NOME DA EMPRESA FORNECEDORA | E38: TELEFONE | F38: CONTATO | G38: PREÇO COTADO
D39: ALFA PAISAGISMO | G39: 1.53
D40: FLORICULTURA ESPAÇO JARDIM - PAISAGISMO, PROJETOS E PISCINA | G40: 4
D41: EXÓTICA FLORICULTURA E PRESENTES | G41: 1.7
B42: Observações:
B43: COT06 | D43: Ixoria Midi Amarela e Vermelha | E43: Muda | G43: =MEDIAN(G45:G47) -> 2.1
C44: CNPJ | D44: NOME DA EMPRESA FORNECEDORA | E44: TELEFONE | F44: CONTATO | G44: PREÇO COTADO
D45: ALFA PAISAGISMO | G45: 1.9
D46: EXÓTICA FLORICULTURA E PRESENTES | G46: 2.5
D47: FLORICULTURA ESPAÇO JARDIM - PAISAGISMO, PROJETOS E PISCINA | G47: 2.1
B48: Observações:
B49: COT07 | D49: Grama esmeralda | E49: M² | G49: =MEDIAN(G51:G53) -> 7.4
C50: CNPJ | D50: NOME DA EMPRESA FORNECEDORA | E50: TELEFONE | F50: CONTATO | G50: PREÇO COTADO
D51: ALFA PAISAGISMO | G51: 6.9
D52: EXÓTICA FLORICULTURA E PRESENTES | G52: 8
D53: FLORICULTURA ESPAÇO JARDIM - PAISAGISMO, PROJETOS E PISCINA | G53: 7.4
B54: Observações:
B55: COT08 | D55: Mini Lantana | E55: Muda | G55: =MEDIAN(G57:G59) -> 0.95
C56: CNPJ | D56: NOME DA EMPRESA FORNECEDORA | E56: TELEFONE | F56: CONTATO | G56: PREÇO COTADO
D57: ALFA PAISAGISMO | G57: 0.9
D58: EXÓTICA FLORICULTURA E PRESENTES | G58: 1
D59: FLORICULTURA ESPAÇO JARDIM - PAISAGISMO, PROJETOS E PISCINA | G59: 0.95
B60: Observações:
B61: COT09 | D61: Azaleia 0,50 a 0,60 cm | E61: Muda | G61: =MEDIAN(G63:G65) -> 68.8
C62: CNPJ | D62: NOME DA EMPRESA FORNECEDORA | E62: TELEFONE | F62: CONTATO | G62: PREÇO COTADO
D63: ALFA PAISAGISMO | G63: 68.8
D64: EXÓTICA FLORICULTURA E PRESENTES | G64: 40
D65: FLORICULTURA ESPAÇO JARDIM - PAISAGISMO, PROJETOS E PISCINA | G65: 74
B66: Observações:
B67: COT10 | D67: Iris Amarelo e Vermelho | E67: Muda | G67: =MEDIAN(G69:G71) -> 9.18
C68: CNPJ | D68: NOME DA EMPRESA FORNECEDORA | E68: TELEFONE | F68: CONTATO | G68: PREÇO COTADO
D69: ALFA PAISAGISMO | G69: 9.18
D70: EXÓTICA FLORICULTURA E PRESENTES | G70: 5
D71: FLORICULTURA ESPAÇO JARDIM - PAISAGISMO, PROJETOS E PISCINA | G71: 10.2
B72: Observações:
B73: COT11 | D73: Areca Locuba | E73: Unidade | G73: =MEDIAN(G75:G77) -> 490
C74: CNPJ | D74: NOME DA EMPRESA FORNECEDORA | E74: TELEFONE | F74: CONTATO | G74: PREÇO COTADO
D75: ALFA PAISAGISMO | G75: 458.6
D76: EXÓTICA FLORICULTURA E PRESENTES | G76: 650
D77: FLORICULTURA ESPAÇO JARDIM - PAISAGISMO, PROJETOS E PISCINA | G77: 490
B78: Observações:
B79: COT12 | D79: Adubo 10-10-10 | E79: Kg | G79: =MEDIAN(G81:G83) -> 3.9
C80: CNPJ | D80: NOME DA EMPRESA FORNECEDORA | E80: TELEFONE | F80: CONTATO | G80: PREÇO COTADO
D81: ALFA PAISAGISMO | G81: 3.6
D82: EXÓTICA FLORICULTURA E PRESENTES | G82: 6.8
D83: FLORICULTURA ESPAÇO JARDIM - PAISAGISMO, PROJETOS E PISCINA | G83: 3.9
B84: Observações:
B85: COT13 | D85: Calcário Dolomitico | E85: Kg | G85: =MEDIAN(G87:G89) -> 0.8
C86: CNPJ | D86: NOME DA EMPRESA FORNECEDORA | E86: TELEFONE | F86: CONTATO | G86: PREÇO COTADO
D87: ALFA PAISAGISMO | G87: 0.46
D88: EXÓTICA FLORICULTURA E PRESENTES | G88: 3.62
D89: FLORICULTURA ESPAÇO JARDIM - PAISAGISMO, PROJETOS E PISCINA | G89: 0.8
B90: Observações:
B91: COT14 | D91: Substrato Agrícola PH6,5 % V70 CRA 50% CTC15 | E91: M² | G91: =MEDIAN(G93:G95) -> 370
C92: CNPJ | D92: NOME DA EMPRESA FORNECEDORA | E92: TELEFONE | F92: CONTATO | G92: PREÇO COTADO
D93: ALFA PAISAGISMO | G93: 351.6
D94: EXÓTICA FLORICULTURA E PRESENTES | G94: 370
D95: FLORICULTURA ESPAÇO JARDIM - PAISAGISMO, PROJETOS E PISCINA | G95: 376.2
B96: Observações:
B97: COT15 | D97: Mão de Obra - Praça da Independência - entorno da igreja | E97: M² | G97: =MEDIAN(G99:G101) -> 116.72
C98: CNPJ | D98: NOME DA EMPRESA FORNECEDORA | E98: TELEFONE | F98: CONTATO | G98: PREÇO COTADO
D99: ALFA PAISAGISMO | G99: 116.72
D100: EXÓTICA FLORICULTURA E PRESENTES | G100: 80
D101: FLORICULTURA ESPAÇO JARDIM - PAISAGISMO, PROJETOS E PISCINA | G101: 130
B102: Observações:
B103: COT16 | D103: Mão de Obra - Praça da Independência - Praça e coreto | E103: M² | G103: =MEDIAN(G105:G107) -> 116.72
C104: CNPJ | D104: NOME DA EMPRESA FORNECEDORA | E104: TELEFONE | F104: CONTATO | G104: PREÇO COTADO
...

Sheet CPOS 177
C2: CPOS - COMPANHIA PAULISTA DE OBRAS E SERVIÇOS
C3: BOLETIM REFERENCIAL DE CUSTOS - TABELA DE SERVIÇOS
G5: VERSÃO 177 | J5: VERSÃO 177
G6: Vigência: a partir de 01/11/19 | J6: Vigência: a partir de 01/11/19
D7: BDI : 0,00 % | G7: L.S.: 96,21 % | J7: L.S.: 126,72 %
E8: COM DESONERAÇÃO | H8: SEM DESONERAÇÃO
A9: Referência | B9: Descrição | D9: Un | E9: Material | F9: Mão de Obra | G9: Custo Total | H9: Material | I9: Mão de Obra | J9: Custo Total
A10: 01 | B10: SERVIÇO TÉCNICO ESPECIALIZADO
A11: 01.02 | B11: Parecer técnico
A12: 01.02.071 | C12: Parecer técnico de fundações, contenções e recomendações gerais, para empreendimentos com área construída até 1.000 m² | D12: un | E12: 0 | F12: 4267.36 | G12: 4267.36 | H12: 0 | I12: 4930.74 | J12: 4930.74
A13: 01.02.081 | C13: Parecer técnico de fundações, contenções e recomendações gerais, para empreendimentos com área construída de 1.001 a 2.000 m² | D13: un | E13: 0 | F13: 5674.76 | G13: 5674.76 | H13: 0 | I13: 6556.94 | J13: 6556.94
A14: 01.02.091 | C14: Parecer técnico de fundações, contenções e recomendações gerais, para empreendimentos com área construída de 2.001 a 5.000 m² | D14: un | E14: 0 | F14: 9693.75 | G14: 9693.75 | H14: 0 | I14: 11200.71 | J14: 11200.71
A15: 01.02.101 | C15: Parecer técnico de fundações, contenções e recomendações gerais, para empreendimentos com área construída de 5.001 a 10.000 m² | D15: un | E15: 0 | F15: 13291.27 | G15: 13291.27 | H15: 0 | I15: 15357.49 | J15: 15357.49
A16: 01.02.111 | C16: Parecer técnico de fundações, contenções e recomendações gerais, para empreendimentos com área construída acima de 10.000 m² | D16: un | E16: 0 | F16: 15488.93 | G16: 15488.93 | H16: 0 | I16: 17896.79 | J16: 17896.79
A17: 01.06 | B17: Projeto de instalações elétricas
A18: 01.06.021 | C18: Elaboração de projeto de adequação de entrada de energia elétrica junto a concessionária, com medição em baixa tensão e demanda até 75 KVA | D18: un | E18: 0 | F18: 5643.08 | G18: 5643.08 | H18: 0 | I18: 6520.48 | J18: 6520.48
A19: 01.06.031 | C19: Elaboração de projeto de adequação de entrada de energia elétrica junto a concessionária, com medição em média tensão, subestação simplificada e demanda de 75 kVA a 300 kVA | D19: un | E19: 0 | F19: 9558.24 | G19: 9558.24 | H19: 0 | I19: 11044.32 | J19: 11044.32
A20: 01.06.032 | C20: Elaboração de projeto de adequação de entrada de energia elétrica junto a concessionária, com medição em média tensão e demanda de 75 kVA a 300 kVA | D20: un | E20: 0 | F20: 12934.12 | G20: 12934.12 | H20: 0 | I20: 14945.12 | J20: 14945.12
A21: 01.06.041 | C21: Elaboração de projeto de adequação de entrada de energia elétrica junto a concessionária, com medição em média tensão e demanda acima de 300 kVA a 2 MVA | D21: un | E21: 0 | F21: 17203.9 | G21: 17203.9 | H21: 0 | I21: 19878.8 | J21: 19878.8
A22: 01.17 | B22: Projeto executivo
A23: 01.17.031 | C23: Projeto executivo de arquitetura em formato A1 | D23: un | E23: 0 | F23: 2188.59 | G23: 2188.59 | H23: 0 | I23: 2529.01 | J23: 2529.01
A24: 01.17.041 | C24: Projeto executivo de arquitetura em formato A0 | D24: un | E24: 0 | F24: 2950.32 | G24: 2950.32 | H24: 0 | I24: 3409.21 | J24: 3409.21
A25: 01.17.051 | C25: Projeto executivo de estrutura em formato A1 | D25: un | E25: 0 | F25: 1613.91 | G25: 1613.91 | H25: 0 | I25: 1864.95 | J25: 1864.95
A26: 01.17.061 | C26: Projeto executivo de estrutura em formato A0 | D26: un | E26: 0 | F26: 2203.27 | G26: 2203.27 | H26: 0 | I26: 2545.95 | J26: 2545.95
A27: 01.17.071 | C27: Projeto executivo de instalações hidráulicas em formato A1 | D27: un | E27: 0 | F27: 692.49 | G27: 692.49 | H27: 0 | I27: 800.21 | J27: 800.21
A28: 01.17.081 | C28: Projeto executivo de instalações hidráulicas em formato A0 | D28: un | E28: 0 | F28: 920.42 | G28: 920.42 | H28: 0 | I28: 1063.58 | J28: 1063.58
A29: 01.17.111 | C29: Projeto executivo de instalações elétricas em formato A1 | D29: un | E29: 0 | F29: 772.17 | G29: 772.17 | H29: 0 | I29: 892.25 | J29: 892.25
A30: 01.17.121 | C30: Projeto executivo de instalações elétricas em formato A0 | D30: un | E30: 0 | F30: 1069.07 | G30: 1069.07 | H30: 0 | I30: 1235.34 | J30: 1235.34
A31: 01.17.151 | C31: Projeto executivo de climatização em formato A1 | D31: un | E31: 0 | F31: 1490.91 | G31: 1490.91 | H31: 0 | I31: 1722.8 | J31: 1722.8
A32: 01.17.161 | C32: Projeto executivo de climatização em formato A0 | D32: un | E32: 0 | F32: 2031.58 | G32: 2031.58 | H32: 0 | I32: 2347.57 | J32: 2347.57
A33: 01.17.171 | C33: Projeto executivo de chuveiros automáticos em formato A1 | D33: un | E33: 0 | F33: 1254.81 | G33: 1254.81 | H33: 0 | I33: 1449.95 | J33: 1449.95
A34: 01.17.181 | C34: Projeto executivo de chuveiros automáticos em formato A0 | D34: un | E34: 0 | F34: 1622.91 | G34: 1622.91 | H34: 0 | I34: 1875.32 | J34: 1875.32
A35: 01.20 | B35: Levantamento topográfico e geofísico
A36: 01.20.010 | C36: Taxa de mobilização e desmobilização de equipamentos para execução de levantamento topográfico | D36: tx | E36: 1153.19 | F36: 0 | G36: 1153.19 | H36: 1153.19 | I36: 0 | J36: 1153.19
A37: 01.20.691 | C37: Levantamento planimétrico cadastral com áreas ocupadas predominantemente por comunidades - área até 20.000 m² (mínimo de 3.500 m²) | D37: m² | E37: 0.32 | F37: 0.35 | G37: 0.67 | H37: 0.32 | I37: 0.41 | J37: 0.73
A38: 01.20.701 | C38: Levantamento planimétrico cadastral com áreas ocupadas predominantemente por comunidades - área acima de 20.000 m² até 200.000 m² | D38: m² | E38: 0.26 | F38: 0.28 | G38: 0.54 | H38: 0.26 | I38: 0.32 | J38: 0.58
A39: 01.20.711 | C39: Levantamento planimétrico cadastral com áreas ocupadas predominantemente por comunidades - área acima de 200.000 m² | D39: m² | E39: 0.21 | F39: 0.23 | G39: 0.44 | H39: 0.21 | I39: 0.26 | J39: 0.47
A40: 01.20.721 | C40: Levantamento planimétrico cadastral com áreas até 50% de ocupação - área até 20.000 m² (mínimo de 3.500 m²) | D40: m² | E40: 0.28 | F40: 0.3 | G40: 0.58 | H40: 0.28 | I40: 0.36 | J40: 0.64
A41: 01.20.731 | C41: Levantamento planimétrico cadastral com áreas até 50% de ocupação - área acima de 20.000 m² até 200.000 m² | D41: m² | E41: 0.13 | F41: 0.33 | G41: 0.46 | H41: 0.13 | I41: 0.39 | J41: 0.52
A42: 01.20.741 | C42: Levantamento planimétrico cadastral com áreas até 50% de ocupação - área acima de 200.000 m² | D42: m² | E42: 0.18 | F42: 0.18 | G42: 0.36 | H42: 0.18 | I42: 0.22 | J42: 0.4
A43: 01.20.751 | C43: Levantamento planimétrico cadastral com áreas acima de 50% de ocupação - área até 20.000 m² (mínimo de 4.000 m²) | D43: m² | E43: 0.25 | F43: 0.28 | G43: 0.53 | H43: 0.25 | I43: 0.32 | J43: 0.57
A44: 01.20.761 | C44: Levantamento planimétrico cadastral com áreas acima de 50% de ocupação - área acima de 20.000 m² até 200.000 m² | D44: m² | E44: 0.21 | F44: 0.24 | G44: 0.45 | H44: 0.21 | I44: 0.26 | J44: 0.47
A45: 01.20.771 | C45: Levantamento planimétrico cadastral com áreas acima de 50% de ocupação - área acima de 200.000 m² | D45: m² | E45: 0.21 | F45: 0.23 | G45: 0.44 | H45: 0.21 | I45: 0.26 | J45: 0.47
A46: 01.20.781 | C46: Levantamento planialtimétrico cadastral com áreas ocupadas predominantemente por comunidades - área até 20.000 m² (mínimo de 3.500 m²) | D46: m² | E46: 0.36 | F46: 0.38 | G46: 0.74 | H46: 0.36 | I46: 0.43 | J46: 0.79
A47: 01.20.791 | C47: Levantamento planialtimétrico cadastral com áreas ocupadas predominantemente por comunidades - área acima de 20.000 m² até 200.000 m² | D47: m² | E47: 0.28 | F47: 0.29 | G47: 0.57 | H47: 0.28 | I47: 0.35 | J47: 0.63
... A60: 01.20.921 | C60: Implantação de marcos através de levantamento com GPS (mínimo de 3 marcos) | D60: un | E60: 586.52 | F60: 307.16 | G60: 893.68 | H60: 586.52 | I60: 354.91 | J60: 941.43
A61: 01.21 | B61: Estudo geotécnico (sondagem)
A62: 01.21.010 | C62: Taxa de mobilização e desmobilização de equipamentos para execução de sondagem | D62: tx | E62: 888.21 | F62: 0 | G62: 888.21 | H62: 888.21 | I62: 0 | J62: 888.21
A63: 01.21.090 | C63: Taxa de mobilização e desmobilização de equipamentos para execução de sondagem rotativa | D63: tx | E63: 4810.17 | F63: 0 | G63: 4810.17 | H63: 4810.17 | I63: 0 | J63: 4810.17
A64: 01.21.100 | C64: Sondagem do terreno a trado | D64: m | E64: 70.95 | F64: 0 | G64: 70.95 | H64: 70.95 | I64: 0 | J64: 70.95
A65: 01.21.110 | C65: Sondagem do terreno à percussão (mínimo de 30 m) | D65: m | E65: 99.43 | F65: 0 | G65: 99.43 | H65: 99.43 | I65: 0 | J65: 99.43
A66: 01.21.120 | C66: Sondagem do terreno rotativa em solo | D66: m | E66: 321.65 | F66: 0 | G66: 321.65 | H66: 321.65 | I66: 0 | J66: 321.65
A67: 01.21.130 | C67: Sondagem do terreno rotativa em rocha | D67: m | E67: 1013.97 | F67: 0 | G67: 1013.97 | H67: 1013.97 | I67: 0 | J67: 1013.97
A68: 01.21.140 | C68: Sondagem do terreno à percussão com a utilização de torquímetro (mínimo de 30 m) | D68: m | E68: 96.22 | F68: 0 | G68: 96.22 | H68: 96.22 | I68: 0 | J68: 96.22
A69: 01.23 | B69: Tratamento, recuperação e trabalhos especiais em concreto
A70: 01.23.010 | C70: Taxa de mobilização e desmobilização de equipamentos para execução de corte em concreto armado | D70: tx | E70: 310.1 | F70: 0 | G70: 310.1 | H70: 310.1 | I70: 0 | J70: 310.1
A71: 01.23.020 | C71: Limpeza de armadura com escova de aço | D71: m² | E71: 1.85 | F71: 4.05 | G71: 5.9 | H71: 1.85 | I71: 4.68 | J71: 6.53
A72: 01.23.030 | C72: Preparo de ponte de aderência com adesivo a base de epóxi | D72: m² | E72: 86.54 | F72: 29.92 | G72: 116.46 | H72: 86.54 | I72: 34.58 | J72: 121.12
A73: 01.23.040 | C73: Tratamento de armadura com produto anticorrosivo a base de zinco | D73: m² | E73: 13.57 | F73: 26.17 | G73: 39.74 | H73: 13.57 | I73: 30.25 | J73: 43.82
A74: 01.23.060 | C74: Corte de concreto deteriorado inclusive remoção dos detritos | D74: m² | E74: 0 | F74: 20.25 | G74: 20.25 | H74: 0 | I74: 23.4 | J74: 23.4
A75: 01.23.070 | C75: Demarcação de área com disco de corte diamantado | D75: m | E75: 0.67 | F75: 3 | G75: 3.67 | H75: 0.67 | I75: 3.46 | J75: 4.13
A76: 01.23.100 | C76: Demolição de concreto armado com preservação de armadura, para reforço e recuperação estrutural | D76: m³ | E76: 0 | F76: 305.64 | G76: 305.64 | H76: 0 | I76: 353.18 | J76: 353.18
A77: 01.23.140 | C77: Furação de 1 1/4" em concreto armado | D77: m | E77: 154.65 | F77: 0 | G77: 154.65 | H77: 154.65 | I77: 0 | J77: 154.65
A78: 01.23.150 | C78: Furação de 1 1/2" em concreto armado | D78: m | E78: 159.19 | F78: 0 | G78: 159.19 | H78: 159.19 | I78: 0 | J78: 159.19
A79: 01.23.160 | C79: Furação de 2 1/4" em concreto armado | D79: m | E79: 183.89 | F79: 0 | G79: 183.89 | H79: 183.89 | I79: 0 | J79: 183.89
A80: 01.23.190 | C80: Furação de 2 1/2" em concreto armado | D80: m | E80: 184.45 | F80: 0 | G80: 184.45 | H80: 184.45 | I80: 0 | J80: 184.45
A81: 01.23.200 | C81: Taxa de mobilização e desmobilização de equipamentos para execução de perfuração em concreto | D81: tx | E81: 149.36 | F81: 0 | G81: 149.36 | H81: 149.36 | I81: 0 | J81: 149.36
... A102: 01.23.702 | C102: Fibra de carbono para reforço estrutural de alta resistência - 300 g/m² | D102: m² | E102: 275.96 | F102: 208.36 | G102: 484.32 | H102: 275.96 | I102: 240.78 | J102: 516.74
A103: 01.27 | B103: Estudo e programa ambientais
A104: 01.27.011 | C104: Projeto e implementação de gerenciamento integrado de resíduos sólidos e gestão de perdas | D104: un | E104: 141.85 | F104: 6003.93 | G104: 6145.78 | H104: 141.85 | I104: 6937.22 | J104: 7079.07
A105: 01.27.021 | C105: Projeto e implementação de educação ambiental | D105: un | E105: 141.85 | F105: 8090.31 | G105: 8232.16 | H105: 141.85 | I105: 9348 | J105: 9489.85
A106: 01.27.031 | C106: Projeto e implementação de controle ambiental de obra | D106: un | E106: 141.85 | F106: 7164.03 | G106: 7305.88 | H106: 141.85 | I106: 8277.72 | J106: 8419.57
A107: 01.27.041 | C107: Laudo de caracterização de vegetação | D107: un | E107: 409.6 | F107: 16526.32 | G107: 16935.92 | H107: 409.6 | I107: 19095.22 | J107: 19504.82
A108: 01.27.051 | C108: Laudo de caracterização da fauna associada à flora | D108: un | E108: 409.6 | F108: 25380.5 | G108: 25790.1 | H108: 409.6 | I108: 29325.76 | J108: 29735.36
A109: 01.27.061 | C109: Projeto e implementação de monitoramento da fauna durante a obra | D109: un | E109: 409.6 | F109: 10083.89 | G109: 10493.49 | H109: 409.6 | I109: 11651.4 | J109: 12061
A110: 01.27.071 | C110: Laudo de autodepuração | D110: un | E110: 333.1 | F110: 12109.73 | G110: 12442.83 | H110: 333.1 | I110: 13992.16 | J110: 14325.26
A111: 01.27.091 | C111: Estudo de impacto de vizinhança, em área urbana até 10.000 m² | D111: un | E111: 203.05 | F111: 19618.9 | G111: 19821.95 | H111: 203.05 | I111: 22668.62 | J111: 22871.67
A112: 01.28 | B112: Poço profundo
A113: 01.28.010 | C113: Taxa de mobilização e desmobilização de equipamentos para execução de perfuração para poço profundo - profundidade até 200 m | D113: tx | E113: 7436.84 | F113: 0 | G113: 7436.84 | H113: 7436.84 | I113: 0 | J113: 7436.84
A114: 01.28.020 | C114: Taxa de mobilização e desmobilização de equipamentos para execução de perfuração para poço profundo - profundidade acima de 200 m e até 300 m | D114: tx | E114: 10645.44 | F114: 0 | G114: 10645.44 | H114: 10645.44 | I114: 0 | J114: 10645.44
A115: 01.28.030 | C115: Taxa de mobilização e desmobilização de equipamentos para execução de perfuração para poço profundo - profundidade acima de 300 m | D115: tx | E115: 13751.54 | F115: 0 | G115: 13751.54 | H115: 13751.54 | I115: 0 | J115: 13751.54
A116: 01.28.040 | C116: Perfuração rotativa para poço profundo em camadas de solos sedimentares, diâmetro de 8 1/2" (215,90 mm) | D116: m | E116: 366.73 | F116: 0 | G116: 366.73 | H116: 366.73 | I116: 0 | J116: 366.73
A117: 01.28.050 | C117: Perfuração rotativa para poço profundo em aluvião, arenito, ou solos sedimentados em geral, diâmetro de 10" (250 mm) | D117: m | E117: 393.68 | F117: 0 | G117: 393.68 | H117: 393.68 | I117: 0 | J117: 393.68
A118: 01.28.060 | C118: Perfuração rotativa para poço profundo em aluvião, arenito, ou solos sedimentados em geral, diâmetro de 12" (300 mm) | D118: m | E118: 508.42 | F118: 0 | G118: 508.42 | H118: 508.42 | I118: 0 | J118: 508.42
A119: 01.28.070 | C119: Perfuração rotativa para poço profundo em aluvião, arenito, ou solos sedimentados em geral, diâmetro de 14" (350 mm) | D119: m | E119: 726.55 | F119: 0 | G119: 726.55 | H119: 726.55 | I119: 0 | J119: 726.55
A120: 01.28.080 | C120: Perfuração rotativa para poço profundo em aluvião, arenito, ou solos sedimentados em geral, diâmetro de 16" (400 mm) | D120: m | E120: 888.17 | F120: 0 | G120: 888.17 | H120: 888.17 | I120: 0 | J120: 888.17
A121: 01.28.090 | C121: Perfuração rotativa para poço profundo em aluvião, arenito, ou solos sedimentados em geral, diâmetro de 18" (450 mm) | D121: m | E121: 1121.54 | F121: 0 | G121: 1121.54 | H121: 1121.54 | I121: 0 | J121: 1121.54
A122: 01.28.100 | C122: Perfuração rotativa para poço profundo em aluvião, arenito, ou solos sedimentados em geral, diâmetro de 20" (500 mm) | D122: m | E122: 1075.44 | F122: 0 | G122: 1075.44 | H122: 1075.44 | I122: 0 | J122: 1075.44
A123: 01.28.110 | C123: Perfuração rotativa para poço profundo em aluvião, arenito, ou solos sedimentados em geral, diâmetro de 22" (550 mm) | D123: m | E123: 1272.86 | F123: 0 | G123: 1272.86 | H123: 1272.86 | I123: 0 | J123: 1272.86
A124: 01.28.120 | C124: Perfuração rotativa para poço profundo em aluvião, arenito, ou solos sedimentados em geral, diâmetro de 26" (650 mm) | D124: m | E124: 1739.3 | F124: 0 | G124: 1739.3 | H124: 1739.3 | I124: 0 | J124: 1739.3
... A171: 01.28.620 | C171: Parecer técnico junto a CETESB | D171: un | E171: 4366.21 | F171: 0 | G171: 4366.21 | H171: 4366.21 | I171: 0 | J171: 4366.21
A172: 02 | B172: INÍCIO, APOIO E ADMINISTRAÇÃO DA OBRA
A173: 02.01 | B173: Construção provisória
A174: 02.01.021 | C174: Construção provisória em madeira - fornecimento e montagem | D174: m² | E174: 209.6 | F174: 85.1 | G174: 294.7 | H174: 209.6 | I174: 98.34 | J174: 307.94
A175: 02.01.171 | C175: Sanitário/vestiário provisório em alvenaria | D175: m² | E175: 363.52 | F175: 216.89 | G175: 580.41 | H175: 363.52 | I175: 250.66 | J175: 614.18
A176: 02.01.180 | C176: Banheiro químico modelo Standard, com manutenção conforme exigências da CETESB | D176: unxmês | E176: 562.86 | F176: 0 | G176: 562.86 | H176: 562.86 | I176: 0 | J176: 562.86
A177: 02.01.200 | C177: Desmobilização de construção provisória | D177: m² | E177: 9.56 | F177: 4.75 | G177: 14.31 | H177: 9.56 | I177: 5.5 | J177: 15.06
A178: 02.02 | B178: Container
A179: 02.02.120 | C179: Locação de container tipo alojamento - área mínima de 13,80 m² | D179: unxmês | E179: 430.56 | F179: 55.12 | G179: 485.68 | H179: 430.56 | I179: 63.69 | J179: 494.25
A180: 02.02.130 | C180: Locação de container tipo escritório com 1 vaso sanitário, 1 lavatório e 1 ponto para chuveiro - área mínima de 13,80 m² | D180: unxmês | E180: 542.22 | F180: 92.42 | G180: 634.64 | H180: 542.22 | I180: 106.79 | J180: 649.01
...

Sheet SINAPI 03-2018
A4: FONTE | B4: CÓDIGO | C4: DESCRIÇÃO | D4: UNIDADE | E4: DESONERADO | F4: NÃO DESONERADO
A5: SINAPI | B5: 97141 | C5: ASSENTAMENTO DE TUBO DE FERRO FUNDIDO PARA REDE DE ÁGUA, DN 80 MM, JUNTA ELÁSTICA, INSTALADO EM LOCAL COM NÍVEL ALTO DE INTERFERÊNCIAS (NÃO INCLUI FORNECIMENTO). AF_11/2017 | D5: M | E5: 7,31 | F5: 8,02
A6: SINAPI | B6: 97142 | C6: ASSENTAMENTO DE TUBO DE FERRO FUNDIDO PARA REDE DE ÁGUA, DN 100 MM, JUNTA ELÁSTICA, INSTALADO EM LOCAL COM NÍVEL ALTO DE INTERFERÊNCIAS (NÃO INCLUI FORNECIMENTO). AF_11/2017 | D6: M | E6: 8,19 | F6: 9,00
A7: SINAPI | B7: 97143 | C7: ASSENTAMENTO DE TUBO DE FERRO FUNDIDO PARA REDE DE ÁGUA, DN 150 MM, JUNTA ELÁSTICA, INSTALADO EM LOCAL COM NÍVEL ALTO DE INTERFERÊNCIAS (NÃO INCLUI FORNECIMENTO). AF_11/2017 | D7: M | E7: 10,34 | F7: 11,37
A8: SINAPI | B8: 97144 | C8: ASSENTAMENTO DE TUBO DE FERRO FUNDIDO PARA REDE DE ÁGUA, DN 200 MM, JUNTA ELÁSTICA, INSTALADO EM LOCAL COM NÍVEL ALTO DE INTERFERÊNCIAS (NÃO INCLUI FORNECIMENTO). AF_11/2017 | D8: M | E8: 12,50 | F8: 13,75
A9: SINAPI | B9: 97145 | C9: ASSENTAMENTO DE TUBO DE FERRO FUNDIDO PARA REDE DE ÁGUA, DN 250 MM, JUNTA ELÁSTICA, INSTALADO EM LOCAL COM NÍVEL ALTO DE INTERFERÊNCIAS (NÃO INCLUI FORNECIMENTO). AF_11/2017 | D9: M | E9: 14,67 | F9: 16,16
A10: SINAPI | B10: 97146 | C10: ASSENTAMENTO DE TUBO DE FERRO FUNDIDO PARA REDE DE ÁGUA, DN 300 MM, JUNTA ELÁSTICA, INSTALADO EM LOCAL COM NÍVEL ALTO DE INTERFERÊNCIAS (NÃO INCLUI FORNECIMENTO). AF_11/2017 | D10: M | E10: 16,84 | F10: 18,55
A11: SINAPI | B11: 97147 | C11: ASSENTAMENTO DE TUBO DE FERRO FUNDIDO PARA REDE DE ÁGUA, DN 350 MM, JUNTA ELÁSTICA, INSTALADO EM LOCAL COM NÍVEL ALTO DE INTERFERÊNCIAS (NÃO INCLUI FORNECIMENTO). AF_11/2017 | D11: M | E11: 19,02 | F11: 20,97
A12: SINAPI | B12: 97148 | C12: ASSENTAMENTO DE TUBO DE FERRO FUNDIDO PARA REDE DE ÁGUA, DN 400 MM, JUNTA ELÁSTICA, INSTALADO EM LOCAL COM NÍVEL ALTO DE INTERFERÊNCIAS (NÃO INCLUI FORNECIMENTO). AF_11/2017 | D12: M | E12: 21,17 | F12: 23,36
A13: SINAPI | B13: 97149 | C13: ASSENTAMENTO DE TUBO DE FERRO FUNDIDO PARA REDE DE ÁGUA, DN 450 MM, JUNTA ELÁSTICA, INSTALADO EM LOCAL COM NÍVEL ALTO DE INTERFERÊNCIAS (NÃO INCLUI FORNECIMENTO). AF_11/2017 | D13: M | E13: 23,37 | F13: 25,77
A14: SINAPI | B14: 97150 | C14: ASSENTAMENTO DE TUBO DE FERRO FUNDIDO PARA REDE DE ÁGUA, DN 500 MM, JUNTA ELÁSTICA, INSTALADO EM LOCAL COM NÍVEL ALTO DE INTERFERÊNCIAS (NÃO INCLUI FORNECIMENTO). AF_11/2017 | D14: M | E14: 27,71 | F14: 30,34
A15: SINAPI | B15: 97151 | C15: ASSENTAMENTO DE TUBO DE FERRO FUNDIDO PARA REDE DE ÁGUA, DN 600 MM, JUNTA ELÁSTICA, INSTALADO EM LOCAL COM NÍVEL ALTO DE INTERFERÊNCIAS (NÃO INCLUI FORNECIMENTO). AF_11/2017 | D15: M | E15: 32,39 | F15: 35,49
... A2935: SINAPI | B2935: 89576 | C2935: TUBO PVC, SÉRIE R, ÁGUA PLUVIAL, DN 75 MM, FORNECIDO E INSTALADO EM CONDUTORES VERTICAIS DE ÁGUAS PLUVIAIS. AF_12/2014 | D2935: M | E2935: 15,37 | F2935: 15,70
A2936: SINAPI | B2936: 89578 | C2936: TUBO PVC, SÉRIE R, ÁGUA PLUVIAL, DN 100 MM, FORNECIDO E INSTALADO EM CONDUTORES VERTICAIS DE ÁGUAS PLUVIAIS. AF_12/2014 | D2936: M | E2936: 25,95 | F2936: 26,46
A2937: SINAPI | B2937: 89580 | C2937: TUBO PVC, SÉRIE R, ÁGUA PLUVIAL, DN 150 MM, FORNECIDO E INSTALADO EM CONDUTORES VERTICAIS DE ÁGUAS PLUVIAIS. AF_12/2014 | D2937: M | E2937: 51,38 | F2937: 52,22
A2938: SINAPI | B2938: 89633 | C2938: TUBO, CPVC, SOLDÁVEL, DN 15MM, INSTALADO EM RAMAL OU SUB-RAMAL DE ÁGUA - FORNECIMENTO E INSTALAÇÃO. AF_12/2014 | D2938: M | E2938: 17,58 | F2938: 18,84
A2939: SINAPI | B2939: 89634 | C2939: TUBO, CPVC, SOLDÁVEL, DN 22MM, INSTALADO EM RAMAL OU SUB-RAMAL DE ÁGUA - FORNECIMENTO E INSTALAÇÃO. AF_12/2014 | D2939: M | E2939: 25,75 | F2939: 27,34
A2940: SINAPI | B2940: 89635 | C2940: TUBO, CPVC, SOLDÁVEL, DN 28MM, INSTALADO EM RAMAL OU SUB-RAMAL DE ÁGUA - FORNECIMENTO E INSTALAÇÃO. AF_12/2014 | D2940: M | E2940: 35,58 | F2940: 37,47
A2941: SINAPI | B2941: 89636 | C2941: TUBO, CPVC, SOLDÁVEL, DN 35MM, INSTALADO EM RAMAL OU SUB-RAMAL DE ÁGUA  FORNECIMENTO E INSTALAÇÃO. AF_12/2014 | D2941: M | E2941: 43,09 | F2941: 45,30
A2942: SINAPI | B2942: 89711 | C2942: TUBO PVC, SERIE NORMAL, ESGOTO PREDIAL, DN 40 MM, FORNECIDO E INSTALADO EM RAMAL DE DESCARGA OU RAMAL DE ESGOTO SANITÁRIO. AF_12/2014 | D2942: M | E2942: 16,16 | F2942: 17,57
A2943: SINAPI | B2943: 89712 | C2943: TUBO PVC, SERIE NORMAL, ESGOTO PREDIAL, DN 50 MM, FORNECIDO E INSTALADO EM RAMAL DE DESCARGA OU RAMAL DE ESGOTO SANITÁRIO. AF_12/2014 | D2943: M | E2943: 23,29 | F2943: 25,07
A2944: SINAPI | B2944: 89713 | C2944: TUBO PVC, SERIE NORMAL, ESGOTO PREDIAL, DN 75 MM, FORNECIDO E INSTALADO EM RAMAL DE DESCARGA OU RAMAL DE ESGOTO SANITÁRIO. AF_12/2014 | D2944: M | E2944: 34,38 | F2944: 37,01
A2945: SINAPI | B2945: 89714 | C2945: TUBO PVC, SERIE NORMAL, ESGOTO PREDIAL, DN 100 MM, FORNECIDO E INSTALADO EM RAMAL DE DESCARGA OU RAMAL DE ESGOTO SANITÁRIO. AF_12/2014 | D2945: M | E2945: 44,15 | F2945: 47,63
A2946: SINAPI | B2946: 89716 | C2946: TUBO, CPVC, SOLDÁVEL, DN 22MM, INSTALADO EM RAMAL DE DISTRIBUIÇÃO DE ÁGUA - FORNECIMENTO E INSTALAÇÃO. AF_12/2014 | D2946: M | E2946: 16,32 | F2946: 16,81
A2947: SINAPI | B2947: 89717 | C2947: TUBO, CPVC, SOLDÁVEL, DN 28MM, INSTALADO EM RAMAL DE DISTRIBUIÇÃO DE ÁGUA - FORNECIMENTO E INSTALAÇÃO. AF_12/2014 | D2947: M | E2947: 24,48 | F2947: 25,05
A2948: SINAPI | B2948: 89770 | C2948: TUBO, CPVC, SOLDÁVEL, DN 35MM, INSTALADO EM PRUMADA DE ÁGUA  FORNECIMENTO E INSTALAÇÃO. AF_12/2014 | D2948: M | E2948: 25,12 | F2948: 25,22
... A6168: SINAPI | B6168: 95424 | C6168: CURSO DE CAPACITAÇÃO PARA TOPÓGRAFO (ENCARGOS COMPLEMENTARES) - MENSALISTA | D6168: MES | E6168: 13,19 | F6168: 15,24
A6169: SINAPI-I | B6169: 13532 | C6169: !EM PROCESSO DE DESATIVACAO! VEICULO TIPO MINI FURGAO COM MOTOR ENTRE *1.4 A 1.6* FLEX, 2 PORTAS | D6169: UN | E6169: 50.619,25 | F6169: 50.619,25
A6170: SINAPI-I | B6170: 4757 | C6170: !EM PROCESSO DE DESATIVACAO! ASFALTADOR | D6170: H | E6170: 17,75 | F6170: 20,51
A6171: SINAPI-I | B6171: 12075 | C6171: !EM PROCESSO DE DESATIVACAO! CAIXA P/ MEDICAO DE DEMANDA E ENERGIA REATIVA EM CHAPA 18 ESTAMPADA , PADRAO DE CONCESSIONARIA LOCAL | D6171: UN | E6171: 426,04 | F6171: 426,04
A6172: SINAPI-I | B6172: 13617 | C6172: !EM PROCESSO DE DESATIVACAO! CAMINHONETE CABINE SIMPLES COM MOTOR 1.6 FLEX, CAMBIO MANUAL, POTENCIA 101/104 CV, 2 PORTAS | D6172: UN | E6172: 46.194,01 | F6172: 46.194,01
A6173: SINAPI-I | B6173: 1159 | C6173: !EM PROCESSO DE DESATIVACAO! CAMINHONETE COM MOTOR A DIESEL, POTENCIA 180 CV, CABINE DUPLA, 4X4 | D6173: UN | E6173: 151.472,44 | F6173: 151.472,44
A6174: SINAPI-I | B6174: 2404 | C6174: !EM PROCESSO DE DESATIVACAO! DIVISORIA COLMEIA CEGA COM MONTANTE E RODAPE DE ALUMINIO ANODIZADO SIMPLES (SEM COLOCACAO) | D6174: M2 | E6174: 80,00 | F6174: 80,00
A6175: SINAPI-I | B6175: 2720 | C6175: !EM PROCESSO DE DESATIVACAO! ESCAVADEIRA DRAGA DE ARRASTE, CAP. 3/4 JC 140HP (INCL MANUTENCAO/OPERACAO) | D6175: H | E6175: 164,64 | F6175: 164,64
A6176: SINAPI-I | B6176: 2719 | C6176: !EM PROCESSO DE DESATIVACAO! ESCAVADEIRA HIDRAULICA SOBRE ESTEIRAS DE 99 HP, PESO OPERACIONAL DE *16* T E CAPACIDADE DE 0,85 A 1,00 M3 (LOCACAO COM OPERADOR, COMBUSTIVEL E MANUTENCAO) | D6176: H | E6176: 139,50 | F6176: 139,50
A6177: SINAPI-I | B6177: 13382 | C6177: !EM PROCESSO DE DESATIVACAO! LUMINARIA FECHADA P/ ILUMINACAO PUBLICA, TIPO ABL 50/F OU EQUIV, P/ LAMPADA A VAPOR DE MERCURIO 400W | D6177: UN | E6177: 164,94 | F6177: 164,94
A6178: SINAPI-I | B6178: 20198 | C6178: !EM PROCESSO DE DESATIVACAO! MADEIRA DE 1A. QUALIDADE (MADEIRA BRANCA), SERRADA E NAO APARELHADA, PARA FORMAS DE CONCRETO ARMADO | D6178: M3 | E6178: 1.287,34 | F6178: 1.287,34
A6179: SINAPI-I | B6179: 4126 | C6179: !EM PROCESSO DE DESATIVACAO! TERMINAL DE PORCELANA (MUFLA) UNIPOLAR, USO EXTERNO, TENSAO 3,6/6 KV, PARA CABO DE 10/16 MM2, COM ISOLAMENTO EPR | D6179: UN | E6179: 167,11 | F6179: 167,11
A6180: SINAPI-I | B6180: 10615 | C6180: !EM PROCESSO DE DESATIVACAO! VEICULO DE PASSEIO COM MOTOR 1.0 FLEX, POTENCIA 72/85 CV, 5 PORTAS, COR SOLIDA, BASICO | D6180: UN | E6180: 42.990,00 | F6180: 42.990,00
... A11801: SINAPI-I | B11801: 11157 | C11801: WASH PRIMER PARA TINTA AUTOMOTIVA | D11801: GL | E11801: 131,99 | F11801: 131,99

Sheet MEM CALCULO
B1: I.C.A.N.P. - INSTITUTO DE CAMPINAS DE ADMINISTRAÇÃO, NEGÓCIOS E PROJETOS
B2: DEPARTAMENTO DE ENGENHARIA E ARQUITETURA
B4: =INFO!B3 -> Prefeitura Municipal de Espírito Santo do Pinhal
B5: MEMORIAL DE CÁLCULO DE QUANTITATIVOS
B7: OBRA: | C7: =INFO!B16 -> Projeto de Revitalização Paisagística dos Principais Corredores de Acesso da Cidade | E7: ENGº: | F7: =INFO!B24 -> Elton Maeda | N7: =INFO!B21 -> REVISÃO 00
B8: LOCAL: | C8: =INFO!B17 -> ESPÍRITO SANTO DO PINHAL/ SP | E8: CREA : | F8: =INFO!B25 -> A72570-6
B9: MUNICÍPIO: | C9: =INFO!B4 -> Espírito Santo do Pinhal | E9: A.R.T.: | F9: =INFO!B26 -> 08980383
B11: ITEM | D11: DESCRIÇÃO | E11: UNIDADE | F11: CÁLCULO DE MEDIDAS
B12: =orç!#REF! -> #VALUE! | C12: =orç!#REF! -> #VALUE! | D12: =orç!#REF! -> #VALUE! | E12: =orç!#REF! -> #VALUE!
N18: TOTAL | O18: = | P18: 24
B21: =INFO!B4 -> Espírito Santo do Pinhal | C21: =INFO!B27 -> 43920
D24: ______________________________________________
D25: =INFO!A34 -> Responsável pelo Tomador | J25: =INFO!A23 -> Responsável pelo Orçamento
D26: =INFO!B35 -> Sérgio Del Bianchi Junior | J26: Engenheira: | L26: =INFO!B24 -> Elton Maeda
D27: =INFO!B36 -> Prefeito Municipal | J27: CREA: | L27: =INFO!B25 -> A72570-6
J28: ART/RRT: | L28: =INFO!B26 -> 08980383

Sheet COMPOSIÇÕES
B2: I.C.A.N.P. - INSTITUTO DE CAMPINAS DE ADMINISTRAÇÃO, NEGÓCIOS E PROJETOS
B3: DEPARTAMENTO DE ENGENHARIA E ARQUITETURA
B5: =INFO!B3 -> Prefeitura Municipal de Espírito Santo do Pinhal
B6: COMPOSIÇÕES DE CUSTO UNITÁRIO E COTAÇÕES DE PREÇOS E SERVIÇOS
A8: OBRA: | B8: =INFO!B16 -> Projeto de Revitalização Paisagística dos Principais Corredores de Acesso da Cidade | E8: DATA BASE:
A9: LOCAL: | B9: =INFO!B17 -> ESPÍRITO SANTO DO PINHAL/ SP
A10: MUNICÍPIO: | B10: =INFO!B4 -> Espírito Santo do Pinhal
A13: FONTE E CÓDIGO | C13: DESCRIÇÃO DO SERVIÇO OU FORNECIMENTO | D13: UNIDADE | E13: DATA BASE | G13: PREÇO
A14: CPU-01 | C14: PORTA DE MADEIRA PARA PINTURA, SEMI-OCA (LEVE OU MÉDIA), PADRÃO MÉDIO, 100X210CM, ESPESSURA DE 3,5CM, ITENS INCLUSOS: DOBRADIÇAS, MONTAGEM E INSTALAÇÃO DO BATENTE, FECHADURA COM EXECUÇÃO DO FURO - FORNECIMENTO E INSTALAÇÃO | D14: U N | E14: 43160 | F14: SINAPI | G14: =SUM(G16:G32) -> 869.57
A15: FONTE | B15: CÓDIGO | C15: DESCRIÇÃO DO INSUMO | E15: INSUMO | F15: PREÇO UNITÁRIO | G15: CUSTO TOTAL
A16: SINAPI | B16: 90803 | C16: =VLOOKUP($B16,'SINAPI 03-2018'!$B$5:$F$11509,2,0) -> ADUELA / MARCO / BATENTE PARA PORTA DE 90X210CM, PADRÃO MÉDIO - FORNECIMENTO E MONTAGEM. AF_08/2015 | D16: =VLOOKUP($B16,'SINAPI 03-2018'!$B$5:$F$11509,3,0) -> UN | E16: 1.11 | F16: =VLOOKUP($B16,'SINAPI 03-2018'!$B$5:$F$11509,5,0) -> 198,39 | G16: =ROUND(E16*F16,2) -> 220.21
A17: SINAPI | B17: 90819 | C17: =VLOOKUP($B17,'SINAPI 03-2018'!$B$5:$F$11509,2,0) -> ADUELA / MARCO / BATENTE PARA PORTA DE 90X210CM, FIXAÇÃO COM ARGAMASSA - SOMENTE INSTALAÇÃO. AF_08/2015_P | D17: =VLOOKUP($B17,'SINAPI 03-2018'!$B$5:$F$11509,3,0) -> UN | E17: 1.11 | F17: =VLOOKUP($B17,'SINAPI 03-2018'!$B$5:$F$11509,5,0) -> 85,96 | G17: =ROUND(E17*F17,2) -> 95.42
A18: SINAPI | B18: 2432 | C18: =VLOOKUP($B18,'SINAPI 03-2018'!$B$5:$F$11509,2,0) -> DOBRADICA EM ACO/FERRO, 3 1/2" X 3", E= 1,9 A 2 MM, COM ANEL, CROMADO OU ZINCADO, TAMPA BOLA, COM PARAFUSOS | D18: =VLOOKUP($B18,'SINAPI 03-2018'!$B$5:$F$11509,3,0) -> UN | E18: 3,0000000 | F18: =VLOOKUP($B18,'SINAPI 03-2018'!$B$5:$F$11509,5,0) -> 36,86 | G18: =ROUND(E18*F18,2) -> 110.58
A19: SINAPI | B19: 4982 | C19: =VLOOKUP($B19,'SINAPI 03-2018'!$B$5:$F$11509,2,0) -> PORTA DE MADEIRA, FOLHA MEDIA (NBR 15930) DE 100 X 210 CM, E = 35 MM, NUCLEO SARRAFEADO, CAPA LISA EM HDF, ACABAMENTO EM PRIMER PARA PINTURA | D19: =VLOOKUP($B19,'SINAPI 03-2018'!$B$5:$F$11509,3,0) -> UN | E19: 1,0000000 | F19: =VLOOKUP($B19,'SINAPI 03-2018'!$B$5:$F$11509,5,0) -> 192,19 | G19: =ROUND(E19*F19,2) -> 192.19
A20: SINAPI | B20: 11055 | C20: =VLOOKUP($B20,'SINAPI 03-2018'!$B$5:$F$11509,2,0) -> PARAFUSO ROSCA SOBERBA ZINCADO CABECA CHATA FENDA SIMPLES 3,5 X 25 MM (1 ") | D20: =VLOOKUP($B20,'SINAPI 03-2018'!$B$5:$F$11509,3,0) -> UN | E20: =(19.8/(0.9*2.1))*(1*2.1) -> 22 | F20: =VLOOKUP($B20,'SINAPI 03-2018'!$B$5:$F$11509,5,0) -> 0,03 | G20: =ROUND(E20*F20,2) -> 0.66
A21: SINAPI | B21: 88261 | C21: =VLOOKUP($B21,'SINAPI 03-2018'!$B$5:$F$11509,2,0) -> CARPINTEIRO DE ESQUADRIA COM ENCARGOS COMPLEMENTARES | D21: =VLOOKUP($B21,'SINAPI 03-2018'!$B$5:$F$11509,3,0) -> H | E21: =(1.678/(0.9*2.1))*(1*2.1) -> 1.8644444 | F21: =VLOOKUP($B21,'SINAPI 03-2018'!$B$5:$F$11509,5,0) -> 21,82 | G21: =ROUND(E21*F21,2) -> 40.68
A22: SINAPI | B22: 88316 | C22: =VLOOKUP($B22,'SINAPI 03-2018'!$B$5:$F$11509,2,0) -> SERVENTE COM ENCARGOS COMPLEMENTARES | D22: =VLOOKUP($B22,'SINAPI 03-2018'!$B$5:$F$11509,3,0) -> H | E22: =(0.839/(0.9*2.1))*(1*2.1) -> 0.93222222 | F22: =VLOOKUP($B22,'SINAPI 03-2018'!$B$5:$F$11509,5,0) -> 19,62 | G22: =ROUND(E22*F22,2) -> 18.29
A23: SINAPI | B23: 90829 | C23: =VLOOKUP($B23,'SINAPI 03-2018'!$B$5:$F$11509,2,0) -> ALIZAR / GUARNIÇÃO DE 5X1,5CM PARA PORTA DE 90X210CM FIXADO COM PREGOS, PADRÃO MÉDIO - FORNECIMENTO E INSTALAÇÃO. AF_08/2015 | D23: =VLOOKUP($B23,'SINAPI 03-2018'!$B$5:$F$11509,3,0) -> UN | E23: =2*1.11 -> 2.22 | F23: =VLOOKUP($B23,'SINAPI 03-2018'!$B$5:$F$11509,5,0) -> 30,37 | G23: =ROUND(E23*F23,2) -> 67.42
A24: SINAPI | B24: 90830 | C24: =VLOOKUP($B24,'SINAPI 03-2018'!$B$5:$F$11509,2,0) -> FECHADURA DE EMBUTIR COM CILINDRO, EXTERNA, COMPLETA, ACABAMENTO PADRÃO MÉDIO, INCLUSO EXECUÇÃO DE FURO - FORNECIMENTO E INSTALAÇÃO. AF_08/2015 | D24: =VLOOKUP($B24,'SINAPI 03-2018'!$B$5:$F$11509,3,0) -> UN | E24: 1.11 | F24: =VLOOKUP($B24,'SINAPI 03-2018'!$B$5:$F$11509,5,0) -> 111,82 | G24: =ROUND(E24*F24,2) -> 124.12
G25: =ROUND(E25*F25,2) -> 0
G26: =ROUND(E26*F26,2) -> 0
G27: =ROUND(E27*F27,2) -> 0
G28: =ROUND(E28*F28,2) -> 0
G29: =ROUND(E29*F29,2) -> 0
G30: =ROUND(E30*F30,2) -> 0
G31: =ROUND(E31*F31,2) -> 0
G32: =ROUND(E32*F32,2) -> 0
A33: Observações: Composição baseada no SINAPI cód 90844 - substituindo os itens conforme necessidades
A35: FONTE E CÓDIGO | C35: DESCRIÇÃO DO SERVIÇO OU FORNECIMENTO | D35: UNIDADE | E35: DATA BASE | G35: PREÇO
A36: CPU-02 | C36: BANCADA DE GRANITO CINZA POLIDO , COM CUBA DE EMBUTIR DE AÇO INOXIDÁVEL MÉDIA, VÁLVULA AMERICANA EM METAL CROMADO, SIFÃO FLEXÍVEL EM PVC, ENGATE FLEXÍVEL 30 CM, TORNEIRA CROMADA LONGA DE PAREDE, 1/2 OU 3/4, PARA PIA DE COZINHA, PADRÃO POPULAR- FORNEC. E INSTAL. | D36: M2 | E36: 43160 | F36: SINAPI | G36: =SUM(G38:G54) -> 869.36
A37: FONTE | B37: CÓDIGO | C37: DESCRIÇÃO DO INSUMO | E37: INSUMO | F37: PREÇO UNITÁRIO | G37: CUSTO TOTAL
A38: SINAPI | B38: 4823 | C38: =VLOOKUP($B38,'SINAPI 03-2018'!$B$5:$F$11509,2,0) -> MASSA PLASTICA PARA MARMORE/GRANITO | D38: =VLOOKUP($B38,'SINAPI 03-2018'!$B$5:$F$11509,3,0) -> KG | E38: 0,5228000 | F38: =VLOOKUP($B38,'SINAPI 03-2018'!$B$5:$F$11509,5,0) -> 33,78 | G38: =ROUND(E38*F38,2) -> 17.66
A39: SINAPI | B39: 7568 | C39: =VLOOKUP($B39,'SINAPI 03-2018'!$B$5:$F$11509,2,0) -> BUCHA DE NYLON SEM ABA S10, COM PARAFUSO DE 6,10 X 65 MM EM ACO ZINCADO COM ROSCA SOBERBA, CABECA CHATA E FENDA PHILLIPS | D39: =VLOOKUP($B39,'SINAPI 03-2018'!$B$5:$F$11509,3,0) -> UN | E39: 6,0000000 | F39: =VLOOKUP($B39,'SINAPI 03-2018'!$B$5:$F$11509,5,0) -> 0,55 | G39: =ROUND(E39*F39,2) -> 3.3
A40: SINAPI | B40: 11795 | C40: =VLOOKUP($B40,'SINAPI 03-2018'!$B$5:$F$11509,2,0) -> GRANITO PARA BANCADA, POLIDO, TIPO ANDORINHA/ QUARTZ/ CASTELO/ CORUMBA OU OUTROS EQUIVALENTES DA REGIAO, E= *2,5* CM | D40: =VLOOKUP($B40,'SINAPI 03-2018'!$B$5:$F$11509,3,0) -> M2 | E40: 1,0050000 | F40: =VLOOKUP($B40,'SINAPI 03-2018'!$B$5:$F$11509,5,0) -> 494,33 | G40: =ROUND(E40*F40,2) -> 496.8
A41: SINAPI | B41: 37329 | C41: =VLOOKUP($B41,'SINAPI 03-2018'!$B$5:$F$11509,2,0) -> REJUNTE EPOXI BRANCO | D41: =VLOOKUP($B41,'SINAPI 03-2018'!$B$5:$F$11509,3,0) -> KG | E41: 0,0351000 | F41: =VLOOKUP($B41,'SINAPI 03-2018'!$B$5:$F$11509,5,0) -> 36,33 | G41: =ROUND(E41*F41,2) -> 1.28
A42: SINAPI | B42: 37591 | C42: =VLOOKUP($B42,'SINAPI 03-2018'!$B$5:$F$11509,2,0) -> SUPORTE MAO-FRANCESA EM ACO, ABAS IGUAIS 40 CM, CAPACIDADE MINIMA 70 KG, BRANCO | D42: =VLOOKUP($B42,'SINAPI 03-2018'!$B$5:$F$11509,3,0) -> UN | E42: 2,0000000 | F42: =VLOOKUP($B42,'SINAPI 03-2018'!$B$5:$F$11509,5,0) -> 29,39 | G42: =ROUND(E42*F42,2) -> 58.78
A43: SINAPI | B43: 88274 | C43: =VLOOKUP($B43,'SINAPI 03-2018'!$B$5:$F$11509,2,0) -> MARMORISTA/GRANITEIRO COM ENCARGOS COMPLEMENTARES | D43: =VLOOKUP($B43,'SINAPI 03-2018'!$B$5:$F$11509,3,0) -> H | E43: 1,4900000 | F43: =VLOOKUP($B43,'SINAPI 03-2018'!$B$5:$F$11509,5,0) -> 21,93 | G43: =ROUND(E43*F43,2) -> 32.68
A44: SINAPI | B44: 88316 | C44: =VLOOKUP($B44,'SINAPI 03-2018'!$B$5:$F$11509,2,0) -> SERVENTE COM ENCARGOS COMPLEMENTARES | D44: =VLOOKUP($B44,'SINAPI 03-2018'!$B$5:$F$11509,3,0) -> H | E44: 0,9800000 | F44: =VLOOKUP($B44,'SINAPI 03-2018'!$B$5:$F$11509,5,0) -> 19,62 | G44: =ROUND(E44*F44,2) -> 19.23
A45: SINAPI | B45: 86884 | C45: =VLOOKUP($B45,'SINAPI 03-2018'!$B$5:$F$11509,2,0) -> ENGATE FLEXÍVEL EM PLÁSTICO BRANCO, 1/2" X 30CM - FORNECIMENTO E INSTALAÇÃO. AF_12/2013 | D45: =VLOOKUP($B45,'SINAPI 03-2018'!$B$5:$F$11509,3,0) -> UN | E45: 1 | F45: =VLOOKUP($B45,'SINAPI 03-2018'!$B$5:$F$11509,5,0) -> 8,29 | G45: =ROUND(E45*F45,2) -> 8.29
A46: SINAPI | B46: 86911 | C46: =VLOOKUP($B46,'SINAPI 03-2018'!$B$5:$F$11509,2,0) -> TORNEIRA CROMADA LONGA, DE PAREDE, 1/2" OU 3/4", PARA PIA DE COZINHA, PADRÃO POPULAR - FORNECIMENTO E INSTALAÇÃO. AF_12/2013 | D46: =VLOOKUP($B46,'SINAPI 03-2018'!$B$5:$F$11509,3,0) -> UN | E46: 1 | F46: =VLOOKUP($B46,'SINAPI 03-2018'!$B$5:$F$11509,5,0) -> 34,44 | G46: =ROUND(E46*F46,2) -> 34.44
A47: SINAPI | B47: 86935 | C47: =VLOOKUP($B47,'SINAPI 03-2018'!$B$5:$F$11509,2,0) -> CUBA DE EMBUTIR DE AÇO INOXIDÁVEL MÉDIA, INCLUSO VÁLVULA TIPO AMERICANA EM METAL CROMADO E SIFÃO FLEXÍVEL EM PVC - FORNECIMENTO E INSTALAÇÃO. AF_12/2013 | D47: =VLOOKUP($B47,'SINAPI 03-2018'!$B$5:$F$11509,3,0) -> UN | E47: 1 | F47: =VLOOKUP($B47,'SINAPI 03-2018'!$B$5:$F$11509,5,0) -> 196,90 | G47: =ROUND(E47*F47,2) -> 196.9
G48: =ROUND(E48*F48,2) -> 0
G49: =ROUND(E49*F49,2) -> 0
G50: =ROUND(E50*F50,2) -> 0
G51: =ROUND(E51*F51,2) -> 0
G52: =ROUND(E52*F52,2) -> 0
G53: =ROUND(E53*F53,2) -> 0
G54: =ROUND(E54*F54,2) -> 0
A55: Observações: Composição baseada no SINAPI cód 93441
A58: =INFO!B4 -> Espírito Santo do Pinhal | B58: =INFO!B27 -> 43920
F60: =INFO!A23 -> Responsável pelo Orçamento
F61: =INFO!A24 -> Engª: | G61: =INFO!B24 -> Elton Maeda
F62: =INFO!A25 -> CREA: | G62: =INFO!B25 -> A72570-6
F63: =INFO!A26 -> ART: | G63: =INFO!B26 -> 08980383

Sheet QCI
A3: QCI - QUADRO DE COMPOSIÇÃO DO INVESTIMENTO
A5: Tomador | C5: Nº do CT | E5: Município/UF | H5: Empreendimento ( objeto)
A6: =INFO!B3 -> Prefeitura Municipal de Espírito Santo do Pinhal | C6: =INFO!B5 -> 0 | E6: =INFO!B4 -> Espírito Santo do Pinhal | H6: =INFO!B7 -> Projeto de Revitalização Paisagística dos Principais Corredores de Acesso da Cidade
A8: Gestor/Programa/Modalidade/Ação
A9: =INFO!B8 -> 0 | B9: =INFO!B9 -> 0
A11: DISCRIMINAÇÃO | D11: REPASSE | F11: CONTRAPARTIDA | K11: TOTAL | L11: Execução | M11: Contrapartida
A12: Item | B12: DESCRIÇÃO | C12: QUANT/UNID | D12: R$ | E12: (%) | F12: PRÓPRIOS (R$) | G12: (%) | H12: OUTROS (R$) | I12: (%) | J12: TOTAL % | K12: (R$) | L12: EF ou AD | M12: OS ou FIN
B13: =ORÇ!C7 -> Projeto de Revitalização Paisagística dos Principais Corredores de Acesso da Cidade | D13: =INFO!B12 -> 395000 | E13: =D13/$K$13 -> #DIV/0! | F13: =K13-D13 -> -395000 | G13: =F13/$K$13 -> #DIV/0! | K13: =ORÇ!O17 -> 0 | L13: EF | M13: FIN
B15: TOTAIS | D15: =SUM(D13:D14) -> 395000 | E15: =SUM(E13:E14) -> #DIV/0! | F15: =SUM(F13:F14) -> -395000 | G15: =SUM(G13:G14) -> #DIV/0! | K15: =SUM(K13:K14) -> 0 | N15: =D15+F15 -> 0 | O15: =E15+G15 -> #DIV/0!
N16: =N15-K15 -> 0
H17: Forma de execução: | I17: AD = Administração Direta pelo Tomador
I18: EF = execução e/ou fornecimento a contratar
A19: =INFO!B4 -> Espírito Santo do Pinhal | B19: =INFO!B27 -> 43920 | L19: Tipo de contrapartida: FIN = Financeira; OS = em Obras e Serviços.
A20: Local/Data
A24: =INFO!B35 -> Sérgio Del Bianchi Junior
A25: =INFO!B36 -> Prefeito Municipal

Sheet Plan1
C7: =198.7*3.3+43.14*0.93 -> 695.8302 | D7: =-185.61-90.96-40.44-0.8*2.1*3-1*2.1 -> -324.15 | E7: =C7+D7 -> 371.6802 | H7: =830-549.38 -> 280.62 | I7: =(6.4*10.51)*14 -> 941.696 | J7: =H7+I7 -> 1222.316
C8: =30.86*3.3 -> 101.838 | D8: =-0.9*2.1*2-1*2.1 -> -5.88 | E8: =C8+D8 -> 95.958 | H8: =830-242.72 -> 587.28 | J8: =H8+I8 -> 587.28
C9: =22.35*3.3 -> 73.755 | D9: =-0.9*2.1*4 -> -7.56 | E9: =C9+D9 -> 66.195 | H9: =(14.44*10.51) -> 151.7644 | I9: -53.92 | J9: =H9+I9 -> 97.8444
C10: =36.61*3 -> 109.83 | D10: =-0.8*2.1*2-0.9*2.1*3-2*2.1 -> -13.23 | E10: =C10+D10 -> 96.6 | H10: =(14.44*10.51) -> 151.7644 | I10: -53.92 | J10: =H10+I10 -> 97.8444
C11: =(9.18+5.48+28.67+23.07+5.99+7)*1.2 -> 95.268 | E11: =C11+D11 -> 95.268 | I11: total | J11: =SUM(J6:J10) -> 2005.2848
D12: total | E12: =SUM(E7:E11) -> 725.7012
C15: =275.68*3.3 -> 909.744 | D15: =-284.94-90.96-40.44-0.8*2.1*8-1*2.1*2-2*1-1.95*1-0.9*2.1 -> -439.82 | E15: =C15+D15 -> 469.924
C16: =(28.67+23.07+5.99+7)*1.2 -> 77.676 | E16: =C16+D16 -> 77.676
C17: =13.82*3.3 -> 45.606 | D17: =-0.8*2.1 -> -1.68 | E17: =C17+D17 -> 43.926
C18: =11.9*3.3 -> 39.27 | D18: =-0.9*2.1 -> -1.89 | E18: =C18+D18 -> 37.38
C19: =38.6*3.3 -> 127.38 | D19: =-2*1-1.95*2.1-0.9*2.1 -> -7.985 | E19: =C19+D19 -> 119.395
C20: =21.2*3.3 -> 69.96 | D20: =-0.8*2.1 -> -1.68 | E20: =C20+D20 -> 68.28
C21: =(37.1+23.1+7)*1.2 -> 80.64 | E21: =C21+D21 -> 80.64
D22: total | E22: =SUM(E15:E21) -> 897.221

Sheet Plan2

Sheet Plan3
